 Dungeon Crawl Stone Soup version 0.27.1-34-g3ba077fa99 (webtiles) character file.

Game seed: 4647370066205863335

9477655 Labrat the Archmage (level 27, 140/249 HPs)
             Began as a Human Hedge Wizard on Jan 14, 2022.
             Was the Champion of Vehumet.
             Escaped with the Orb
             ... and 15 runes on Jan 27, 2022!
             The game lasted 20:34:32 (185836 turns).

Labrat the Archmage (Human Hedge Wizard)          Turns: 185836, Time: 20:34:33

Health: 140/249    AC: 33    Str: 20    XL:     27
Magic:  8/54       EV: 19    Int: 29    God:    Vehumet [******]
Gold:   18731      SH: 15    Dex: 12    Spells: 5/80 levels left

rFire    + + +     SeeInvis +   L - +2 long sword of the Iron City of Dis {vorpal, rF++ rC+ Will++}
rCold    + + .     Faith    .   B - +3 warlock's mirror {reflect}
rNeg     + . .     Spirit   .   k - quicksilver dragon scales
rPois    +         Reflect  +   b - +0 helmet of Exubri Baoti {rF+ Str+4 SInv Stlth-}
rElec    +         Harm     .   I - +4 dragonskin cloak
rCorr    +         Rampage  .   c - +2 pair of gloves {archery}
Will     +++++     Clarity  +   W - +2 pair of boots {Fly}
Stlth    ..........             U - amulet "Udweko" {Reflect rC+ SH+5 SInv}
HPRegen  1.51/turn              z - ring "Qajil" {rElec MP+9 Str+4 Dex-3}
MPRegen  0.34/turn              O - ring of Mutualism {rF+ rCorr MP-9 Int+5}

@: flying, very slightly contaminated, studying 3 skills
A: clarity, regeneration 1, shaggy fur 1
0: Orb of Zot
}: 15/15 runes: serpentine, barnacled, slimy, silver, golden, iron, obsidian,
icy, bone, abyssal, demonic, glowing, magical, fiery, dark
a: Renounce Religion


You escaped.
You worshipped Vehumet.
Vehumet was exalted by your worship.
You visited 18 branches of the dungeon, and saw 90 of its levels.
You visited Pandemonium 1 time, and saw 16 of its levels.
You visited the Abyss 10 times.
You visited 2 ziggurats, and saw 39 of their levels (deepest: 24).
You also visited: Gauntlet, Ice Cave and Wizlab.

You collected 19962 gold pieces.
You spent 1231 gold pieces at shops.

Inventory:

Hand Weapons
 L - the +2 long sword of the Iron City of Dis (weapon) {vorpal, rF++ rC+ Will++}
   (You found it on level 11 of the Dungeon)

   It inflicts extra damage upon your enemies.
   rF:        It greatly protects you from fire.
   rC:        It protects you from cold.
   Will:      It greatly increases your willpower.
Missiles
 j - 87 silver javelins
 G - 46 boomerangs of dispersal
 M - 14 throwing nets
Armour
 b - the +0 helmet of Exubri Baoti (worn) {rF+ Str+4 SInv Stlth-}
   (You found it on level 21 of a ziggurat)

   Str:       It affects your strength (+4).
   rF:        It protects you from fire.
   SInv:      It lets you see invisible.
   Stlth:     It makes you less stealthy.
 c - a +2 pair of gloves of archery (worn)
 k - quicksilver dragon scales (worn)
 B - the +3 warlock's mirror (worn) {reflect}
   (You found it on level 12 of the Dungeon)

   It can block and reflect piercing ranged attacks and magical attacks against
   the wielder's willpower.
 I - the +4 dragonskin cloak (worn)
   (You took it off Tiamat on level 2 of the Realm of Zot)

   It grants the wearer a chance to resist fire, cold, poison, electricity,
   acid, and negative energy.
 W - a +2 pair of boots of flying (worn)
Jewellery
 m - the ring of Youthful Indiscretion {rF- rC+ rCorr Str+6}
   (You found it on level 9 of a ziggurat)

   [ring of strength]

   Str:       It affects your strength (+6).
   rF:        It makes you vulnerable to fire.
   rC:        It protects you from cold.
   rCorr:     It protects you from acid and corrosion.
 t - the ring of the Raven {*Corrode Will- EV+4 Str+4 Int+8}
   (You found it on level 9 of a ziggurat)

   [ring of evasion]

   EV:        It affects your evasion (+4).
   Str:       It affects your strength (+4).
   Int:       It affects your intelligence (+8).
   *Corrode:  It may corrode you when you take damage.
   Will:      It decreases your willpower.
 x - the ring of Soruch {rElec rN+++ Will- EV+4 Stlth+}
   (You found it on level 13 of a ziggurat)

   [ring of evasion]

   EV:        It affects your evasion (+4).
   rElec:     It insulates you from electricity.
   rN:        It renders you almost immune to negative energy.
   Will:      It decreases your willpower.
   Stlth:     It makes you more stealthy.
 z - the ring "Qajil" (left hand) {rElec MP+9 Str+4 Dex-3}
   (You found it on level 13 of the Dungeon)

   [ring of magical power]

   Str:       It affects your strength (+4).
   Dex:       It affects your dexterity (-3).
   rElec:     It insulates you from electricity.
   MP:        It affects your magic capacity (+9).
 A - the ring "Ohodaz" {rElec rPois Will+ Int+4 SInv}
   (You found it on level 15 of a ziggurat)

   [ring of willpower]

   Int:       It affects your intelligence (+4).
   rElec:     It insulates you from electricity.
   rPois:     It protects you from poison.
   SInv:      It lets you see invisible.
   Will:      It increases your willpower.
 F - the amulet "Suasuele" {rF+ Regen+ Stlth+}
   (You found it on level 12 of a ziggurat)

   [amulet of regeneration]

   rF:        It protects you from fire.
   Regen:     It increases your rate of health regeneration.
   Stlth:     It makes you more stealthy.
 O - the ring of Mutualism (right hand) {rF+ rCorr MP-9 Int+5}
   (You found it on level 13 of a ziggurat)

   [ring of resist corrosion]

   Int:       It affects your intelligence (+5).
   rF:        It protects you from fire.
   MP:        It affects your magic capacity (-9).
   rCorr:     It protects you from acid and corrosion.
 U - the amulet "Udweko" (around neck) {Reflect rC+ SH+5 SInv}
   (You acquired it on level 6 of the Lair of Beasts)

   [amulet of reflection]

   It reflects blocked missile attacks.
   rC:        It protects you from cold.
   SInv:      It lets you see invisible.
   SH:        It affects your SH (+5).
 Z - the amulet of the Magpie {Reflect Fly rC+ SH+5}
   (You found it on level 15 of a ziggurat)

   [amulet of reflection]

   It reflects blocked missile attacks.
   rC:        It protects you from cold.
   Fly:       It grants you flight.
   SH:        It affects your SH (+5).
Wands
 i - a wand of polymorph (5)
 s - a wand of acid (53)
 C - a wand of iceblast (107)
 T - a wand of paralysis (11)
Scrolls
 e - 7 scrolls of enchant armour
 f - 25 scrolls of blinking
 n - 2 scrolls of fear
 r - 7 scrolls of immolation
 u - 3 scrolls of magic mapping
 w - 56 scrolls of teleportation
 y - 6 scrolls of summoning
 D - 26 scrolls of fog
 J - 14 scrolls of holy word
 S - 4 scrolls of torment
Potions
 a - 10 potions of magic
 d - 8 potions of resistance
 g - 16 potions of brilliance
 h - a potion of might
 l - 17 potions of cancellation
 o - 32 potions of curing
 q - 21 potions of heal wounds
 v - 21 potions of mutation
 E - 13 potions of haste
 N - a potion of invisibility
Miscellaneous
 p - a box of beasts
 H - a phial of floods (inert)
 K - the horn of Geryon
 Q - a lightning rod (4/4)
 R - a condenser vane
 V - a tin of tremorstones (2/2)
 Y - a phantom mirror


   Skills:
 O Level 27 Fighting
 - Level 0.4 Short Blades
 - Level 15.0 Throwing
 - Level 20.0 Armour
 + Level 19.7 Dodging
 - Level 2.0 Stealth
 + Level 13.5 Shields
 O Level 27 Spellcasting
 O Level 27 Conjurations
 - Level 10.0 Summonings
 - Level 23.0 Necromancy
 - Level 3.0 Translocations
 + Level 22.7 Transmutations
 O Level 27 Fire Magic
 O Level 27 Ice Magic
 - Level 3.0 Air Magic
 O Level 27 Earth Magic
 - Level 5.0 Poison Magic
 - Level 20.0 Evocations


You had 5 spell levels left.
You knew the following spells:

 Your Spells              Type           Power      Damage    Failure   Level
a - Lehudib's Crystal Sp  Conj/Erth      57%        10d13     1%          8
b - Blink                 Tloc           N/A        N/A       1%          2
c - Spellforged Servitor  Conj/Summ      49%        N/A       1%          7
e - Orb of Destruction    Conj           57%        9d16      0%          7
h - Ozocubu's Refrigerat  Ice            57%        4d16      0%          7
i - Iskenderun's Mystic   Conj/Tloc      90%        2d18      0%          4
j - Borgnjor's Vile Clut  Necr/Erth      55%        N/A       0%          5
F - Fire Storm            Conj/Fire      57%        8d14      1%          9
N - Necromutation         Tmut/Necr      53%        N/A       1%          8
P - Polar Vortex          Ice            57%        N/A       1%          9
S - Shatter               Erth           57%        3d43*     1%          9

Your spell library contained the following spells:

 Spells                   Type           Power      Damage    Failure   Level
 Maxwell's Capacitive Co  Air            27%        ∞         97%         8
 Animate Skeleton         Necr           100%       N/A       0%          1
 Beastly Appendage        Tmut           100%       N/A       0%          1
 Freeze                   Ice            100%       1d11      0%          1
 Magic Dart               Conj           100%       1d8       0%          1
 Pain                     Necr           100%       1d9       0%          1
 Shock                    Conj/Air       100%       1d9       0%          1
 Sting                    Tmut/Pois      100%       1d8       0%          1
 Summon Small Mammal      Summ           100%       N/A       0%          1
 Corpse Rot               Necr/Air       N/A        N/A       0%          2
 Ensorcelled Hibernation  Hex/Ice        100%       N/A       0%          2
 Passwall                 Tmut/Erth      92%        N/A       0%          2
 Searing Ray              Conj           100%       3d7       0%          2
 Static Discharge         Conj/Air       90%        N/A       0%          2
 Sublimation of Blood     Necr           53%        N/A       0%          2
 Wereblood                Tmut           100%       N/A       0%          2
 Conjure Flame            Conj/Fire      100%       6-21      0%          3
 Dazzling Flash           Conj/Hex       100%       N/A       0%          3
 Frozen Ramparts          Ice            100%       1d12      0%          3
 Ignite Poison            Fire/Tmut/Pois 98%        N/A       0%          3
 Inner Flame              Hex/Fire       87%        N/A       0%          3
 Mephitic Cloud           Conj/Pois/Air  82%        N/A       0%          3
 Ozocubu's Armour         Ice            100%       N/A       0%          3
 Spider Form              Tmut/Pois      44%        N/A       0%          3
 Stone Arrow              Conj/Erth      100%       3d13      0%          3
 Vampiric Draining        Necr           53%        2d13      0%          3
 Animate Armour           Summ/Erth      100%       N/A       0%          4
 Animate Dead             Necr           53%        N/A       0%          4
 Dispel Undead            Necr           100%       3d31      0%          4
 Hailstorm                Conj/Ice       100%       3d20      0%          4
 Ice Form                 Ice/Tmut       100%       N/A       0%          4
 Petrify                  Tmut/Erth      100%       N/A       0%          4
 Sticky Flame             Conj/Fire      100%       2d11      0%          4
 Summon Ice Beast         Ice/Summ       98%        N/A       0%          4
 Agony                    Necr           100%       N/A       0%          5
 Blade Hands              Tmut           53%        N/A       0%          5
 Bolt of Magma            Conj/Fire/Erth 57%        4d23      0%          5
 Excruciating Wounds      Necr           53%        N/A       0%          5
 Fireball                 Conj/Fire      57%        3d22      0%          5
 Freezing Cloud           Conj/Ice/Air   49%        6-21      0%          5
 Irradiate                Conj/Tmut      55%        3d32      0%          5
 Iskenderun's Battlesphe  Conj           100%       2d15      0%          5
 Lee's Rapid Deconstruct  Erth           57%        3d27*     0%          5
 Apportation              Tloc           100%       N/A       1%          1
 Corona                   Hex            43%        N/A       1%          1
 Call Imp                 Summ           77%        N/A       1%          2
 Poisonous Vapours        Pois/Air       100%       N/A       1%          2
 Slow                     Hex            39%        N/A       1%          2
 Call Canine Familiar     Summ           77%        N/A       1%          3
 Gell's Gravitas          Tloc           27%        N/A       1%          3
 Lesser Beckoning         Tloc           27%        N/A       1%          3
 Portal Projectile        Hex/Tloc       94%        N/A       1%          3
 Summon Guardian Golem    Hex/Summ       62%        N/A       1%          3
 Swiftness                Air            54%        N/A       1%          3
 Teleport Other           Tloc           54%        N/A       1%          3
 Airstrike                Air            27%        N/A       1%          4
 Fulminant Prism          Conj/Hex       43%        3d20      1%          4
 Leda's Liquefaction      Hex/Erth       43%        N/A       1%          4
 Olgreb's Toxic Radiance  Pois           62%        N/A       1%          4
 Summon Lightning Spire   Summ/Air       67%        N/A       1%          4
 Alistair's Intoxication  Tmut/Pois      58%        N/A       1%          5
 Lightning Bolt           Conj/Air       45%        1d65      1%          5
 Metabolic Englaciation   Hex/Ice        43%        N/A       1%          5
 Summon Forest            Summ/Tloc      33%        N/A       1%          5
 Yara's Violent Unravell  Hex/Tmut       40%        3d16      1%          5
 Confusing Touch          Hex            39%        N/A       2%          3
 Tukima's Dance           Hex            39%        N/A       2%          3
 Passage of Golubria      Tloc           N/A        N/A       2%          4
 Summon Mana Viper        Hex/Summ       62%        N/A       3%          5
 Manifold Assault         Tloc           54%        N/A       7%          5
 Cause Fear               Hex            19%        N/A       9%          4
 Silence                  Hex/Air        23%        N/A       13%         5
 Death Channel            Necr           53%        N/A       0%          6
 Iron Shot                Conj/Erth      57%        9d11      0%          6
 Simulacrum               Ice/Necr       55%        N/A       0%          6
 Starburst                Conj/Fire      57%        6d15      0%          6
 Statue Form              Tmut/Erth      74%        N/A       0%          6
 Conjure Ball Lightning   Conj/Air       45%        3x3d16    1%          6
 Eringya's Noxious Bog    Tmut/Pois      44%        N/A       1%          6
 Dragon Form              Tmut           53%        N/A       1%          7
 Haunt                    Necr/Summ      47%        N/A       1%          7
 Ignition                 Fire           57%        3d16      1%          8
 Infestation              Necr           53%        N/A       1%          8
 Storm Form               Tmut/Air       42%        N/A       3%          7
 Death's Door             Necr           53%        N/A       7%          9
 Monstrous Menagerie      Summ           38%        N/A       12%         7
 Summon Hydra             Summ           38%        N/A       12%         7
 Dispersal                Tloc           27%        N/A       36%         6
 Chain Lightning          Conj/Air       45%        3d60      41%         9
 Malign Gateway           Summ/Tloc      33%        N/A       45%         7
 Summon Horrible Things   Summ           38%        N/A       67%         8
 Invisibility             Hex            19%        N/A       78%         6
 Discord                  Hex            19%        N/A       100%        8
 Disjunction              Tloc           27%        N/A       100%        8
 Dragon's Call            Summ           38%        N/A       100%        9


Dungeon Overview and Level Annotations

Branches:
Dungeon (15/15)            Temple (1/1) D:4            Lair (6/6) D:8
 Shoals (4/4) Lair:3        Snake (4/4) Lair:3        Slime (5/5) Lair:5
    Orc (2/2) D:11            Elf (3/3) Orc:2        Vaults (5/5) D:13
  Crypt (3/3) Vaults:3       Tomb (3/3) Crypt:3      Depths (5/5) D:15
   Hell (visited)             Dis (7/7) Hell            Geh (7/7) Hell
    Coc (7/7) Hell            Tar (7/7) Hell            Zot (5/5) Depths:5
  IceCv (visited)          WizLab (visited)         Gauntlet (visited)

Altars:
Ashenzari
Cheibriados
Dithmenos
Elyvilon
Fedhas
Gozag
Hepliaklqana
Kikubaaqudgha
Makhleb
Nemelex Xobeh
Okawaru
Qazlal
Ru
Sif Muna
Trog
Uskayaw
Vehumet
Wu Jian
Xom
Yredelemnul
Zin
The Shining One
Beogh
Jiyva

Shops:
D:12 *   D:13 =   Orc:2 ?[([   Elf:2 ?!:   Elf:3 ?   Shoals:3 ?   Snake:2 *
Vaults:1 *   Vaults:5 ?   Depths:2 *

Portals:
Hell: Depths:1 Depths:2 Depths:3 Depths:4 Depths:5
Abyss: Depths:4 Depths:5
Pandemonium: Depths:3 Depths:4 Depths:5


Innate Abilities, Weirdness & Mutations

You possess an exceptional clarity of mind.
Your natural rate of healing is unusually fast.
You are covered in fur. (AC +1)


Message History

Vehumet accepts your kill.
You feel your power returning.
You start resting.
A shadow demon comes into view.
A shadow demon is nearby!
A shadow demon is nearby!
Casting: Lehudib's Crystal Spear (mildly dangerous; 1% risk of failure)
Confirm with . or Enter, or press ? or * to list all spells.
Aiming: Orb of Destruction (safe; 0% risk of failure)
Press: ? - help, Shift-Dir - straight line, f - shadow demon
Aim: a shadow demon The orb of destruction hits the shadow demon!!!!
You blow up the shadow demon!
Vehumet accepts your kill.
You start resting.
A tormentor, a pandemonium lord and a small abomination come into view.
Casting: Orb of Destruction (safe; 0% risk of failure)
Confirm with . or Enter, or press ? or * to list all spells.
You miscast Shatter.
You are very lightly contaminated with residual magic.
Sand pours from your hands.
A blizzard demon comes into view.
Unknown command.
Unknown command.
Unknown command.
Casting: Shatter (mildly dangerous; 1% risk of failure)
Confirm with . or Enter, or press ? or * to list all spells.
The dungeon rumbles!
You destroy the small abomination!
Vehumet accepts your kill.
You feel your power returning.
Hamophapa is lightly wounded.
The blizzard demon shouts!
The blizzard demon is lightly wounded.
The tormentor is almost dead.
Ka-crash!
The tormentor calls on the powers of darkness!
Your body is wracked with pain!
Unknown command.
You have escaped!

#.#.#...#.#...#...#..###.#
####..
#.##...#.................# ###
..##.....................#
2.'.#....................#####
..#..2.##...#................#
..##.#..#...............####.#
.)###......[............# #.#
#.# ##................2.# #.#
#.## ##.........@..(....# #.#
#..# #...).......).&....# #.#
##.####....2#...........# #.#
#..###....#.....†......####.####
##..#.##.#.............##.......
##.##.#...............##.#.####
#..###..................#.#
##..##...............#..#.#
##..###.#.#...#.# #..#.#


You could see Hamophapa, a blizzard demon and a tormentor.

Vanquished Creatures
  Cerebov (Pan)
  Asmodeus (Geh:7)
  the Royal Jelly (Slime:5)
  Ereshkigal (Tar:7)
  Lom Lobon (Pan)
  the Serpent of Hell (Tar:7)
  Mnoleg (Pan)
  Tiamat (Zot:2)
  Khufu (Crypt:1)
  Dispater (Dis:7)
  5 dread liches
  7 ancient liches
  9 orbs of fire
  4 juggernauts
  49 royal mummies
  25 Killer Klowns
  33 shard shrikes
  2 curse toes (Zot:1)
  Margery (Depths:5)
  Saint Roka (Crypt:3)
  3 caustic shrikes
  Frederick (Vaults:3)
  27 pandemonium lords
  Geryon (Hell)
  11 golden dragons
  4 profane servitors
  Jory (Crypt:3)
  21 bone dragons
  35 Brimstone Fiends
  2 electric golems (Zot:5)
  7 iron giants
  13 Hell Sentinels
  14 doom hounds
  48 Tzitzimimeh
  19 tentacled monstrosities
  8 liches
  2 hellephants
  28 Orb Guardians
  39 Ice Fiends
  Asterion (Vaults:3)
  15 titans
  2 deep elf blademasters (Elf:3)
  6 deep elf master archers
  Murray (Depths:1)
  12 quicksilver dragons
  A sphinx (shapeshifter) (Zig:15)
  44 Executioners
  9 death cobs
  Gastronok (Lair:3)
  A shadow dragon (shapeshifter) (Zig:15)
  13 sphinxes
  18 tentacled starspawn
  A thorn hunter (Zig:18)
  39 acid blobs
  22 ancient champions
  13 tengu reavers
  8 storm dragons
  Kirke (Snake:4)
  14 nagarajas
  8 warmongers
  7 draconian monks
  10 revenants
  A daeva (D:1)
  17 azure jellies
  Donald (Shoals:2)
  6 blood saints (Pan)
  21 shadow dragons
  20 rockslimes
  7 draconian knights
  18 fire giants
  An azure jelly (shapeshifter) (Zig:17)
  A fenstrider witch (Zig:18)
  A fenstrider witch (shapeshifter) (Depths:4)
  15 vault wardens
  A frost giant (shapeshifter) (Zig:15)
  Aizul (Snake:3)
  13 draconian shifters
  33 cacodemons
  6 deep elf sorcerers
  9 iron dragons
  73 balrugs
  11 frost giants
  An emperor scorpion (Zig:19)
  13 ghost moths
  4 orc warlords
  9 draconian scorchers
  5 curse skulls
  8 deep elf elementalists
  6 black suns (Pan)
  7 ghouls
  23 ironbound preservers
  12 draconian annihilators
  A juggernaut skeleton (Depths:3)
  10 draconian stormcallers
  3 spriggan defenders
  An angel (Abyss:1)
  13 quicksilver oozes
  101 reapers
  14 vampire knights
  40 very ugly things
  18 war gargoyles
  20 bennus
  26 stone giants
  5 elemental wellsprings
  7 deep elf demonologists
  22 red draconians
  12 green draconians
  16 black draconians
  2 dire elephants (shapeshifter)
  7 corrupters (Pan)
  7 yellow draconians
  4 minotaurs
  A minotaur (shapeshifter) (Zig:17)
  10 dire elephants
  15 deep elf annihilators
  14 purple draconians
  8 entropy weavers
  29 lorocyprocas
  6 spark wasps
  11 bunyips
  5 orange crystal statues
  7 eleionomae
  16 deep elf death magi
  9 merfolk javelineers
  13 white draconians
  A spectral kraken (Tar:7)
  35 mummy priests
  23 ettins
  Snorg (D:14)
  35 green deaths
  An eidolon (Crypt:1)
  40 blizzard demons
  An eleionoma (shapeshifter) (Zig:15)
  5 quicksilver dragon zombies
  2 kraken zombies
  Josephine (Lair:4)
  4 deep elf high priests
  A fire dragon (shapeshifter) (Vaults:5)
  2 crystal guardians
  18 jiangshi
  3 shambling mangroves (Zig:15)
  8 merfolk impalers
  17 salamander tyrants
  17 fire dragons
  14 yaktaur captains
  A fenstrider witch zombie (Crypt:1)
  25 great orbs of eyes
  13 rakshasas
  38 vault guards
  13 boulder beetles
  6 quicksilver dragon skeletons
  14 naga warriors
  6 merfolk avatars
  A hydra (shapeshifter) (Zig:15)
  33 ice dragons
  4 ironbound thunderhulks
  6 hell beasts
  21 hydras
  2 catoblepae (Lair:2)
  2 ogre magi
  A peacekeeper (Vaults:4)
  A caustic shrike simulacrum (Depths:2)
  8 ghost crabs
  6 monstrous demonspawn
  7 ironbound frosthearts
  13 anacondas
  A two-headed ogre (shapeshifter) (Zig:15)
  12 two-headed ogres
  An alligator snapping turtle (Shoals:1)
  8 spriggan air magi
  10 death knights
  7 death yaks
  16 satyrs
  3 merfolk aquamancers
  4 deep troll shamans
  24 centaur warriors
  An alligator snapping turtle (shapeshifter) (Zig:15)
  42 dancing weapons
  5 alligators
  43 hell hogs
  78 death scarabs
  12 deep troll earth magi
  11 titan zombies
  10 tengu warriors
  An anaconda (shapeshifter) (Zig:12)
  9 ironbound beastmasters
  15 vampire magi
  4 spriggan berserkers
  87 hell knights
  13 shock serpents
  An orc high priest (Elf:1)
  10 thrashing horrors
  10 titan skeletons
  6 storm dragon zombies
  3 iron golems
  10 spriggans
  Sonja (Orc:1)
  139 sun demons
  82 soul eaters
  24 deep elf knights
  12 naga sharpshooters
  13 wretched stars
  12 iron trolls
  135 skeletal warriors
  11 fire crabs (Zig:23)
  39 sixfirhies
  14 shadow wraiths
  7 golden dragon zombies
  13 sea snakes
  9 gelid demonspawn (Pan)
  A quicksilver dragon simulacrum (Depths:1)
  4 salamander mystics
  7 storm dragon skeletons
  10 torturous demonspawn (Pan)
  75 deep trolls
  11 death drakes
  6 infernal demonspawn (Pan)
  A spark wasp zombie (Crypt:2)
  6 spriggan druids
  A cherub (Pan)
  5 spatial maelstroms
  8 goliath frogs
  45 shadow demons
  A ghost moth zombie (Tar:7)
  17 flayed ghosts
  16 anaconda zombies
  7 shadow dragon zombies
  16 deep elf archers
  9 glowing orange brains
  3 obsidian statues
  9 bog bodies
  25 wizards
  28 necromancers
  7 naga ritualists
  13 orc knights
  7 lindwurms
  12 ironbound convokers
  9 anaconda skeletons
  4 golden dragon skeletons
  17 phantasmal warriors
  8 swamp dragons
  A harpy (shapeshifter) (Vaults:3)
  33 deep elf zephyrmancers
  9 orb spiders
  An orb spider (shapeshifter) (Zig:13)
  7 mana vipers
  9 wolf spider zombies
  6 shadow dragon skeletons
  9 orc sorcerers
  23 deep elf pyromancers
  A wolf spider (shapeshifter) (Zig:15)
  28 harpies
  A shining eye (shapeshifter) (Zig:14)
  A manticore (shapeshifter) (Zig:14)
  21 shining eyes
  A mana viper (shapeshifter) (Zig:14)
  10 stone giant zombies
  69 ugly things
  10 cyclopes
  2 sphinx skeletons
  7 fire giant zombies
  7 iron dragon zombies
  19 manticores
  17 fauns
  7 wolf spiders
  3 will-o-the-wisps
  6 fire giant skeletons
  22 salamanders
  8 iron dragon skeletons
  9 frost giant zombies
  13 frost giant skeletons
  8 worldbinders
  An elephant (shapeshifter) (Zig:12)
  4 elephants
  9 merfolk sirens
  Maurice (Orc:1)
  3 black mambas (shapeshifter)
  32 moths of wrath
  11 dire elephant zombies
  A shock serpent zombie (Geh:6)
  9 stone giant skeletons
  5 water nymphs
  26 naga magi
  9 apocalypse crabs
  54 rust devils
  19 vault sentinels
  3 titan simulacra (Coc:7)
  15 eyes of devastation
  61 smoke demons
  14 molten gargoyles
  41 black mambas
  A guardian serpent (shapeshifter) (Elf:1)
  6 torpor snails
  4 gargoyles
  9 ice statues
  4 elf zombies
  8 spectral swamp worms (Tar:7)
  15 guardian serpents
  A catoblepas zombie (Tomb:3)
  3 rime drakes
  50 hellions
  2 nameless horrors
  6 cane toads
  56 orange demons
  13 komodo dragons
  A yellow draconian zombie (Crypt:2)
  6 dire elephant skeletons
  37 efreet
  4 sea snake zombies
  2 shock serpent skeletons
  46 freezing wraiths
  40 demonic crawlers
  74 ice devils
  15 yaktaurs
  2 tengu conjurers (D:13)
  4 emperor scorpion zombies
  2 entropy weaver simulacra (IceCv)
  An unseen horror (D:13)
  A minotaur zombie (Tar:1)
  13 ancient zymes
  58 tormentors
  A ghost moth simulacrum (Crypt:2)
  5 anaconda simulacra
  42 hellwings
  2 merfolk (shapeshifter)
  3 catoblepas skeletons
  2 green draconian skeletons
  78 guardian mummies
  A meliai (shapeshifter) (Elf:2)
  2 black draconian zombies
  A queen bee (Abyss:3)
  A red draconian skeleton (Coc:7)
  20 hydra zombies
  5 harpy zombies
  2 polar bears
  96 red devils
  3 moth of wrath zombies
  2 silent spectres
  8 meliai
  5 trolls
  4 jumping spiders
  3 tyrant leeches
  42 merfolk
  A shadow dragon simulacrum (Coc:4)
  A tengu simulacrum (Depths:3)
  A slime creature (shapeshifter) (Zig:14)
  An iron dragon simulacrum (Coc:7)
  14 hydra skeletons
  11 ice dragon zombies
  153 slime creatures
  2 wolf spider simulacra
  7 wind drakes
  13 fire dragon zombies
  11 harpy skeletons
  13 hornets
  A queen bee (shapeshifter) (Zig:14)
  A guardian serpent zombie (Crypt:1)
  13 snapping turtles
  30 raiju
  A sphinx simulacrum (Zig:11)
  4 blink frogs
  8 ettin zombies
  11 alligator zombies
  11 dream sheep
  9 air elementals
  2 fire giant simulacra
  A redback (shapeshifter) (D:13)
  A satyr zombie (Crypt:1)
  A frost giant simulacrum (Crypt:3)
  88 large abominations
  A shock serpent simulacrum (Tomb:2)
  11 redbacks
  Sigmund (D:4)
  5 alligator skeletons
  25 water elementals
  13 ice dragon skeletons
  3 vampires (D:13)
  5 black mamba zombies
  11 ettin skeletons
  3 fire dragon skeletons
  59 ynoxinuls
  2 deep troll skeletons
  235 flying skulls
  8 tarantellas
  9 wyverns
  20 ushabtiu
  61 wraiths
  42 shadows
  A dire elephant simulacrum (IceCv)
  14 yaks
  A black mamba skeleton (Coc:5)
  3 fire bats (Abyss:2)
  4 steam dragons
  6 basilisks
  27 fire elementals
  A human (shapeshifter) (D:8)
  41 neqoxecs
  44 chaos spawn
  20 golden eyes
  6 hogs (Snake:4)
  2 vampire mosquitoes (D:13)
  6 death yak simulacra
  3 harpy simulacra (IceCv)
  14 cane toad zombies
  8 acid dragons
  A spatial vortex (Depths:3)
  2 swamp worms (Lair:2)
  6 wargs
  45 nagas
  102 hell hounds
  A two-headed ogre skeleton (Crypt:2)
  9 water moccasins
  3 hydra simulacra
  3 ogre skeletons
  3 floating eyes
  A merfolk skeleton (Crypt:1)
  3 black bears
  16 ice beasts
  A hornet zombie (D:7)
  8 cane toad skeletons
  51 orc warriors
  3 manticore zombies
  An alligator simulacrum (Coc:4)
  29 necrophages
  12 snapping turtle zombies
  An ettin simulacrum (Coc:7)
  2 sky beasts (D:6)
  52 starcursed masses
  5 swamp dragon zombies
  12 centaurs
  A fire dragon simulacrum (Crypt:3)
  An elephant zombie (Crypt:2)
  29 wolves
  5 boggarts
  8 ogres
  2 swamp dragon skeletons
  6 snapping turtle skeletons
  11 phantoms
  A hog skeleton (Crypt:1)
  5 manticore skeletons
  A kobold brigand (D:10)
  33 small abominations
  7 bullfrogs
  A gnoll sergeant (D:9)
  A gnoll shaman (D:4)
  3 two-headed ogre simulacra (IceCv)
  7 earth elementals
  7 cane toad simulacra
  4 elf skeletons
  A cyclops skeleton (Crypt:2)
  A wyvern skeleton (D:6)
  90 wights
  A manticore simulacrum (Crypt:1)
  4 elephant simulacra (IceCv)
  9 killer bees
  A spriggan skeleton (Coc:7)
  A troll skeleton (Crypt:1)
  A wolf zombie (Crypt:2)
  An electric eel (Snake:2)
  2 howler monkeys
  8 lava snakes
  6 crimson imps
  4 human zombies
  6 quasits
  6 centaur zombies
  2 bullfrog skeletons
  2 hounds (D:6)
  A jelly (D:4)
  35 orc priests
  35 iron imps
  2 centaur skeletons
  3 iguanas
  26 orc wizards
  Natasha (thrice) (D:4)
  A killer bee zombie (D:8)
  7 polar bear simulacra
  2 troll simulacra
  3 wolf simulacra
  A tengu zombie (Dis:6)
  2 centaur simulacra
  A naga zombie (Geh:1)
  An acid dragon skeleton (Crypt:1)
  A hound zombie (D:4)
  2 tengu skeletons
  A hound skeleton (D:5)
  109 mummies
  3 howler monkey zombies
  3 adders
  10 gnolls
  A naga simulacrum (D:12)
  19 shadow imps
  28 white imps
  5 ufetubi
  2 adder skeletons (D:4)
  5 worms
  A dart slug (D:1)
  126 orcs
  4 ball pythons
  7 endoplasms
  A giant cockroach (D:3)
  11 goblins
  7 hobgoblins
  7 jackals
  5 quokkas
  4 bats
  3 frilled lizards
  A hobgoblin zombie (Crypt:2)
  13 kobolds
  A kobold simulacrum (Tomb:3)
  3 kobold skeletons
  An orc skeleton (Coc:4)
  9 rats
  A spectral kobold (Depths:4)
  A ball lightning (Pan)
  A block of ice (Depths:5)
  10 briar patches (Zig:18)
  135 fire vortices
  4 lurking horrors (Abyss:1)
  12 starspawn tentacles
  A tentacle (Coc:7)
7255 creatures vanquished.

Vanquished Creatures (collateral kills)
  Antaeus (Coc:7)
  Gloorx Vloq (Pan)
  An orb of fire (Zot:5)
  2 pandemonium lords
  2 juggernauts
  A profane servitor (Abyss:1)
  2 bone dragons
  3 Tzitzimimeh
  3 Brimstone Fiends
  3 Hell Sentinels
  2 Orb Guardians (Zot:4)
  A quicksilver dragon (Zot:5)
  2 acid blobs
  2 ancient champions
  A daeva (Abyss:2)
  A draconian knight (Zot:1)
  A draconian scorcher (Zot:5)
  2 draconian stormcallers
  A balrug (Pan)
  4 reapers
  A curse skull (Pan)
  A warmonger (Pan)
  3 ghouls (Crypt:2)
  2 very ugly things
  A vampire knight (Dis:7)
  3 black draconians
  2 white draconians (Zot:4)
  A purple draconian (Zot:4)
  A black sun (Pan)
  A green death (Pan)
  3 jiangshi
  2 ettins (Zig:13)
  3 blizzard demons (Pan)
  A great orb of eyes (Zig:12)
  A ghost crab (Zig:15)
  A vampire mage (Crypt:3)
  A soul eater (Pan)
  A shock serpent (shapeshifter) (Zig:14)
  2 hell knights
  2 skeletal warriors
  A wretched star (Abyss:3)
  A titan skeleton (Pan)
  3 sixfirhies
  A naga ritualist (Zig:21)
  A flayed ghost (Crypt:3)
  3 phantasmal warriors
  A swamp dragon (Zig:15)
  2 gelid demonspawn (Pan)
  2 orc knights
  A necromancer (Dis:7)
  A shining eye (Zig:22)
  An iron dragon zombie (Coc:7)
  A fire giant skeleton (Coc:7)
  A starcursed mass (Zig:11)
  An eye of devastation (Zig:22)
  2 rust devils (Dis:7)
  2 smoke demons (Pan)
  A spectral swamp worm (Tar:7)
  2 orange demons (Pan)
  A demonic crawler (Abyss:2)
  An efreet (Pan)
  4 freezing wraiths
  A red devil (Dis:7)
  An ancient zyme (Abyss:1)
  An ice devil (Dis:7)
  5 slime creatures
  A hornet (Zig:15)
  An ice dragon zombie (Dis:3)
  2 ynoxinuls (Pan)
  2 small abominations (Abyss:1)
  A golden eye (shapeshifter) (Zig:17)
  A neqoxec (Pan)
  2 chaos spawn
  2 wargs
  2 large abominations
  A hell hound (Dis:7)
  An ice beast (D:6)
  A snapping turtle zombie (Dis:7)
  A necrophage (Tar:7)
  A phantom (D:4)
  A blink frog skeleton (Crypt:1)
  A centaur zombie (D:4)
  A killer bee zombie (D:7)
  A swamp drake zombie (Crypt:2)
  5 gnolls
  2 orcs (D:3)
141 creatures vanquished.

Vanquished Creatures (others)
  A pandemonium lord (Zig:14)
  A golden dragon (Zot:3)
  2 eldritch tentacles (Pan)
  A draconian stormcaller (Zot:3)
  A draconian annihilator (Zot:3)
  A very ugly thing (Abyss:1)
  A yellow draconian (Zot:3)
  2 red draconians (Zot:3)
  A green death (Pan)
  A hell hog (D:1)
  A titan zombie (Dis:6)
  A soul eater (Depths:5)
  A deep elf knight (Elf:1)
  3 manticores
  An iron dragon skeleton (Geh:7)
  A smoke demon (Pan)
  2 orange demons
  An efreet (D:11)
  A hellwing (Pan)
  A catoblepas skeleton (Geh:7)
  A shadow (Geh:1)
  2 wraiths
  A neqoxec (D:1)
  3 small abominations
  A bullfrog (Lair:4)
  A spriggan zombie (Geh:1)
  5 wights (Geh:6)
  An orc (Crypt:3)
  6 ball lightnings (Pan)
  A briar patch (Zig:18)
  286 fire vortices
  4 foxfires (Zig:18)
  23 fungi
  2 lurking horrors (Abyss:1)
  93 plants
  24 starspawn tentacles
  7 tentacles
  15 withered plants
501 creatures vanquished.

Grand Total: 7897 creatures vanquished

Notes
Turn   | Place    | Note
-------+----------+-------------------------------------------
     0 | D:1      | Labrat the Human Hedge Wizard began the quest for the Orb.
     0 | D:1      | Reached XP level 1. HP: 13/13 MP: 4/4
   467 | D:1      | Reached XP level 2. HP: 19/19 MP: 3/6
  1005 | D:1      | Reached XP level 3. HP: 24/24 MP: 4/7
  1312 | D:1      | Found a faded altar of an unknown god.
  2172 | D:2      | Reached XP level 4. HP: 26/31 MP: 2/9
  2469 | D:2      | Learned a level 2 spell: Blink
  2472 | D:2      | Learned a level 2 spell: Call Imp
  2486 | D:2      | Learned a level 3 spell: Mephitic Cloud
  3005 | D:3      | Found a large runed translucent door.
  3006 | D:3      | Found a large runed translucent door.
  3142 | D:3      | Reached XP level 5. HP: 36/36 MP: 7/10
  3147 | D:3      | Reached skill level 1 in Fighting
  3168 | D:3      | Found a white marble altar of Elyvilon.
  3389 | D:4      | Found a basalt altar of Yredelemnul.
  4073 | D:4      | Reached XP level 6. HP: 39/43 MP: 6/11
  4160 | D:4      | Noticed a moth of wrath
  4163 | D:4      | Found a bloodstained altar of Trog.
  4202 | D:4      | HP: 1/43 [worm (15)]
  4548 | D:4      | Reached skill level 1 in Poison Magic
  4678 | D:4      | Noticed Natasha
  4690 | D:4      | Killed Natasha
  5189 | D:3      | Reached XP level 7. HP: 42/49 MP: 12/12
  5284 | D:3      | Found an iron altar of Okawaru.
  5287 | D:3      | Found a hide-covered altar of Uskayaw.
  5423 | D:4      | Found a staircase to the Ecumenical Temple.
  5506 | Temple   | Entered the Ecumenical Temple
  5553 | Temple   | Became a worshipper of Vehumet
  5601 | D:4      | Noticed Natasha
  5610 | D:4      | Killed Natasha
  5646 | D:4      | Noticed Natasha
  5668 | D:4      | Killed Natasha
  5838 | D:4      | Found a broken altar of Ashenzari.
  5974 | D:4      | Noticed Sigmund
  5990 | D:4      | Killed Sigmund
  6500 | D:4      | Reached XP level 8. HP: 40/56 MP: 11/14
  6609 | D:5      | Entered Level 5 of the Dungeon
  7034 | D:5      | Reached skill level 5 in Conjurations
  7570 | D:5      | Reached * piety under Vehumet
  7570 | D:5      | Offered knowledge of Foxfire by Vehumet.
  7571 | D:5      | Reached skill level 5 in Spellcasting
  7747 | D:5      | Reached XP level 9. HP: 64/64 MP: 13/16
  8661 | D:6      | Noticed a two-headed ogre
  9159 | D:6      | Found a shimmering blue altar of Sif Muna.
  9778 | D:6      | Killed a two-headed ogre
  9779 | D:6      | Reached skill level 5 in Dodging
  9779 | D:6      | Reached skill level 5 in Poison Magic
  9831 | D:6      | Learned a level 4 spell: Olgreb's Toxic Radiance
 10000 | D:4      | Killed a moth of wrath
 10001 | D:4      | Reached skill level 5 in Fighting
 10001 | D:4      | Reached skill level 1 in Throwing
 10001 | D:4      | Reached skill level 1 in Evocations
 10001 | D:4      | Reached XP level 10. HP: 58/74 MP: 17/20
 10827 | D:7      | Reached skill level 1 in Shields
 11533 | D:7      | Offered knowledge of Freeze by Vehumet.
 11655 | D:7      | Found a sacrificial altar of Ru.
 11665 | D:7      | Reached ** piety under Vehumet
 12195 | D:7      | Found a blossoming altar of Fedhas.
 12284 | D:7      | Found an ornate altar of the Wu Jian Council.
 12847 | D:8      | Noticed a cyclops
 13525 | D:8      | Killed a cyclops
 14164 | D:8      | Reached XP level 11. HP: 54/83 MP: 23/23
 14596 | D:8      | Found a staircase to the Lair.
 14809 | D:9      | Found an ancient bone altar of Kikubaaqudgha.
 14879 | D:9      | Offered knowledge of Searing Ray by Vehumet.
 14939 | D:9      | Identified a scroll of acquirement
 15176 | D:9      | Found a stormy altar of Qazlal.
 15207 | D:9      | Noticed a two-headed ogre
 15235 | D:9      | Killed a two-headed ogre
 15263 | D:9      | Reached *** piety under Vehumet
 15418 | D:10     | Entered Level 10 of the Dungeon
 15604 | D:10     | Reached skill level 10 in Spellcasting
 15651 | D:10     | Offered knowledge of Stone Arrow by Vehumet.
 15657 | D:10     | Learned a level 3 spell: Stone Arrow
 15689 | D:10     | Found a shadowy altar of Dithmenos.
 16577 | Lair:1   | Entered Level 1 of the Lair of Beasts
 16710 | Lair:1   | Found a bloodstained altar of Trog.
 16750 | Lair:1   | Noticed a four-headed hydra
 17101 | Lair:1   | Killed a four-headed hydra
 17102 | Lair:1   | Reached skill level 10 in Fighting
 17102 | Lair:1   | Reached XP level 12. HP: 97/97 MP: 25/26
 17389 | Lair:2   | Reached skill level 1 in Earth Magic
 17505 | Lair:2   | Noticed a catoblepas
 17512 | Lair:2   | Noticed an eight-headed hydra
 17978 | Lair:2   | Noticed a catoblepas
 18207 | Lair:2   | Noticed a four-headed hydra
 18249 | Lair:1   | Reached **** piety under Vehumet
 18654 | Lair:1   | Killed an eight-headed hydra
 18746 | Lair:1   | Killed a four-headed hydra
 18747 | Lair:1   | Reached skill level 5 in Evocations
 18815 | Lair:2   | Killed a catoblepas
 18902 | Lair:2   | Killed a catoblepas
 19628 | Lair:3   | Noticed a seven-headed hydra
 19674 | Lair:3   | Noticed a five-headed hydra
 19992 | Lair:1   | Killed a five-headed hydra
 19992 | Lair:1   | Offered knowledge of Sticky Flame by Vehumet.
 20060 | Lair:3   | Found a staircase to the Shoals.
 20105 | Lair:3   | Learned a level 4 spell: Summon Ice Beast
 20295 | Lair:3   | Noticed Gastronok
 20495 | Lair:3   | Reached XP level 13. HP: 104/104 MP: 26/27
 20771 | Lair:3   | Killed Gastronok
 20993 | Lair:3   | Found a staircase to the Snake Pit.
 21445 | Lair:2   | Killed a seven-headed hydra
 22267 | Lair:4   | Noticed Josephine
 22367 | Lair:3   | Reached skill level 5 in Summonings
 22767 | Lair:4   | Killed Josephine
 23264 | Lair:5   | Found a staircase to the Slime Pits.
 23264 | Lair:5   | Found a viscous altar of Jiyva.
 23609 | Lair:5   | Noticed a seven-headed hydra
 23774 | Lair:4   | Reached ***** piety under Vehumet
 23938 | Lair:5   | Offered knowledge of Lee's Rapid Deconstruction by Vehumet.
 23946 | Lair:5   | Killed a seven-headed hydra
 24004 | Lair:4   | Learned a level 5 spell: Lee's Rapid Deconstruction
 24099 | Lair:5   | Noticed a seven-headed hydra
 24129 | Lair:4   | Killed a seven-headed hydra
 24130 | Lair:4   | Reached skill level 1 in Ice Magic
 24615 | Lair:5   | Reached XP level 14. HP: 106/114 MP: 29/29
 26100 | Lair:6   | Entered Level 6 of the Lair of Beasts
 26112 | Lair:6   | Learned a level 5 spell: Freezing Cloud
 26241 | Lair:6   | Reached skill level 1 in Air Magic
 26498 | Lair:6   | Found a bloodstained altar of Trog.
 26907 | Lair:6   | Found a large runed translucent door.
 27347 | Lair:6   | Found a large runed translucent door.
 27821 | D:11     | Identified the +2 long sword of the Iron City of Dis
                  | {vorpal, rF++ rC+ Will++}
 27842 | D:11     | Found a staircase to the Orcish Mines.
 28163 | D:11     | Reached skill level 1 in Armour
 28656 | Orc:1    | Entered Level 1 of the Orcish Mines
 28731 | Orc:2    | Entered Level 2 of the Orcish Mines
 28990 | Orc:1    | Noticed Maurice
 28998 | Orc:1    | Killed Maurice
 29171 | Orc:2    | Found a staircase to the Elven Halls.
 29676 | Orc:2    | Offered knowledge of Bolt of Magma by Vehumet.
 29820 | Orc:2    | Reached skill level 10 in Conjurations
 30066 | Orc:1    | Noticed Sonja
 30097 | Orc:2    | Reached XP level 15. HP: 102/120 MP: 7/31
 30226 | Orc:1    | Killed Sonja
 30342 | Orc:2    | Found Lululoipno's Antique Armour Boutique.
 30447 | Orc:2    | Found Amidemuos's Magic Scroll Emporium.
 30771 | Orc:2    | Noticed an orc warlord
 30794 | Orc:2    | Killed an orc warlord
 30965 | Orc:2    | Found Puatz's Antique Weapon Emporium.
 30967 | Orc:2    | Found Estreogea's Antique Armour Shoppe.
 31385 | Lair:6   | Identified the +10 hand axe of the Lesser Evil {vorpal,
                  | rPois rN+}
 31701 | D:12     | Found Siadweut's General Store.
 31813 | D:12     | Found a frozen archway.
 31826 | IceCv    | Entered an ice cave
 31959 | IceCv    | Offered knowledge of Conjure Ball Lightning by Vehumet.
 32015 | IceCv    | Reached skill level 5 in Ice Magic
 32232 | IceCv    | Found an ancient bone altar of Kikubaaqudgha.
 32298 | IceCv    | Reached skill level 5 in Earth Magic
 32556 | IceCv    | Identified the ring "Faoduile" {*Corrode Fly rPois rN+
                  | Int+9}
 32622 | IceCv    | Identified the amulet of Qirhobu {Acrobat rC+}
 33314 | D:12     | Found the +3 warlock's mirror {reflect}
 33486 | D:12     | Reached ****** piety under Vehumet
 34726 | D:13     | Learned a level 6 spell: Iron Shot
 35352 | D:13     | Found Jearhos's Jewellery Shoppe.
 35368 | D:13     | Found a gate to the Vaults.
 35379 | D:13     | Reached skill level 5 in Armour
 35381 | D:13     | Reached XP level 16. HP: 97/127 MP: 26/32
 35419 | D:13     | Offered knowledge of Lightning Bolt by Vehumet.
 36935 | D:13     | Identified the +1 chain mail of Inio {rElec rF- Stlth+}
 37231 | D:13     | Reached skill level 10 in Earth Magic
 37363 | D:13     | Identified the ring "Qajil" {rElec MP+9 Str+4 Dex-3}
 37550 | D:14     | Offered knowledge of Starburst by Vehumet.
 37628 | D:14     | Found a gate leading to a gauntlet.
 37637 | Gauntlet | Entered a Gauntlet
 37637 | Gauntlet | Found a transporter.
 37637 | Gauntlet | Found a transporter.
 37650 | Gauntlet | Found a transporter.
 37668 | Gauntlet | Found a transporter.
 37668 | Gauntlet | Found a transporter.
 37668 | Gauntlet | Found a transporter.
 37671 | Gauntlet | Found a transporter.
 37671 | Gauntlet | Found a transporter.
 37683 | Gauntlet | Found a transporter.
 37700 | Gauntlet | Found a runed translucent door.
 37701 | Gauntlet | Found a transporter.
 37702 | Gauntlet | Found a runed translucent door.
 37711 | Gauntlet | Found a transporter.
 37728 | Gauntlet | Found a transporter.
 37748 | Gauntlet | Found a transporter.
 37761 | Gauntlet | Found a transporter.
 37901 | Gauntlet | Identified the amulet "Qumow" {Reflect -Cast rElec rPois
                  | SH+5}
 37985 | Gauntlet | Identified the +9 hunting sling "Qytoucleff" {flame, rElec
                  | rN+ Will+}
 38675 | D:14     | You are sucked into a shaft and drop 1 floor!
 38675 | D:15     | Entered Level 15 of the Dungeon
 38686 | D:15     | Reached skill level 5 in Shields
 38686 | D:15     | Reached XP level 17. HP: 133/133 MP: 32/33
 39189 | D:14     | Learned a level 3 spell: Ignite Poison
 39231 | D:14     | Noticed Snorg
 39239 | D:14     | Killed Snorg
 39650 | D:15     | Found a staircase to the Depths.
 40286 | D:13     | Identified the +1 long sword "Zuweesis" {freeze, rPois}
 40582 | Snake:1  | Entered Level 1 of the Snake Pit
 41014 | Snake:1  | Offered knowledge of Fireball by Vehumet.
 41076 | Snake:1  | Learned a level 5 spell: Fireball
 42337 | Snake:1  | Identified the +2 cloak "Mexegum" {rC+}
 42698 | Snake:2  | Reached XP level 18. HP: 144/144 MP: 34/34
 43088 | Snake:2  | Found Gacvizur's General Store.
 43860 | Snake:3  | Reached skill level 10 in Dodging
 43963 | Snake:3  | Offered knowledge of Eringya's Noxious Bog by Vehumet.
 44481 | Snake:3  | Noticed Aizul
 44488 | Snake:3  | Killed Aizul
 44878 | Snake:3  | Reached skill level 15 in Fighting
 45863 | Snake:4  | Entered Level 4 of the Snake Pit
 46488 | Snake:4  | Noticed Kirke
 46503 | Snake:4  | Killed Kirke
 47455 | Snake:4  | Reached XP level 19. HP: 151/155 MP: 35/35
 48041 | Snake:4  | Offered knowledge of Lehudib's Crystal Spear by Vehumet.
 48041 | Snake:4  | Offered knowledge of Shatter by Vehumet.
 48041 | Snake:4  | Offered knowledge of Maxwell's Capacitive Coupling by
                  | Vehumet.
 48780 | Snake:4  | Got a serpentine rune of Zot
 49143 | Shoals:1 | Entered Level 1 of the Shoals
 49646 | Shoals:1 | Reached skill level 10 in Armour
 50177 | Shoals:1 | Identified the +4 short sword "Wonodu Nuolu" {vorpal,
                  | rPois}
 50914 | Shoals:2 | Identified the ring "Gezuig" {rN+ SInv Stlth+}
 51197 | Shoals:2 | Noticed Donald
 51711 | Shoals:2 | Killed Donald
 52268 | Shoals:3 | Identified the +8 mace of True Grit {vorpal, Str+3}
 52745 | Shoals:3 | Reached XP level 20. HP: 109/162 MP: 33/37
 53134 | Shoals:3 | Found Weoly's Magic Scroll Boutique.
 53143 | Shoals:3 | Bought a scroll of blinking for 112 gold pieces
 53281 | Shoals:4 | Entered Level 4 of the Shoals
 54459 | Shoals:4 | Reached skill level 15 in Conjurations
 54487 | Shoals:4 | Got a barnacled rune of Zot
 54892 | Shoals:4 | Reached skill level 15 in Spellcasting
 55479 | Vaults:1 | Entered Level 1 of the Vaults
 56304 | Vaults:1 | Reached XP level 21. HP: 168/168 MP: 35/40
 57251 | Vaults:1 | Identified the +0 robe of Busm {Regen+}
 57480 | Vaults:1 | Found Soli's Assorted Antiques.
 58214 | Vaults:2 | Reached skill level 10 in Ice Magic
 59579 | Vaults:1 | Reached XP level 22. HP: 164/175 MP: 33/41
 61071 | Vaults:3 | Noticed Frederick
 61285 | Vaults:3 | Noticed Asterion
 61297 | Vaults:3 | Gained mutation: You are covered in fur. (AC +1) [a
                  | cacodemon]
 61302 | Vaults:3 | Killed Asterion
 61412 | Vaults:3 | Killed Frederick
 61651 | Vaults:3 | Identified the +1 scimitar of Xarargha {distort, rC+ SInv}
 62478 | Vaults:3 | Noticed a bone dragon
 62503 | Vaults:3 | Killed a bone dragon
 63285 | Vaults:3 | Found a staircase to the Crypt.
 63343 | Vaults:4 | Reached XP level 23. HP: 156/181 MP: 43/43
 64825 | D:13     | Learned a level 8 spell: Lehudib's Crystal Spear
 64833 | D:13     | Learned a level 7 spell: Spellforged Servitor
 64841 | D:13     | Learned a level 7 spell: Ozocubu's Refrigeration
 64979 | Elf:1    | Entered Level 1 of the Elven Halls
 65085 | Elf:1    | Found a radiant altar of Vehumet.
 66782 | Elf:2    | Found Vuadgh's Distillery.
 67141 | Elf:2    | Found Zivuf's Book Emporium.
 67225 | Elf:2    | Found Iptacun's Magic Scroll Emporium.
 67229 | Elf:2    | Bought a scroll of blinking for 135 gold pieces
 67229 | Elf:2    | Bought a scroll of holy word for 135 gold pieces
 67232 | Elf:2    | Reached skill level 10 in Summonings
 67544 | Elf:2    | Found a runed translucent gate.
 67545 | Elf:2    | Found a runed translucent gate.
 67545 | Elf:2    | Found a runed translucent gate.
 67611 | Elf:2    | Reached XP level 24. HP: 179/188 MP: 40/44
 68324 | Elf:3    | Entered Level 3 of the Elven Halls
 68388 | Elf:3    | Found a magical portal.
 68396 | WizLab   | Entered Wucad Mu's Monastery
 69022 | Elf:3    | Found Cullacaw's Magic Scroll Boutique.
 69052 | Elf:3    | Bought a scroll of blinking for 135 gold pieces
 69168 | Elf:3    | Reached skill level 15 in Earth Magic
 69755 | Elf:3    | Identified the +6 spear of the Eleven Quests {antimagic,
                  | Int-2 Dex+9}
 70636 | Elf:3    | Identified the +1 scale mail of the First Snow {*Slow
                  | Dex+5}
 70675 | Elf:3    | Identified the +1 ice dragon scales of the Shining Light
                  | {Fly rF- rC++ Dex+4}
 71000 | Depths:1 | Entered Level 1 of the Depths
 72018 | Depths:1 | Reached XP level 25. HP: 194/194 MP: 44/44
 72018 | Depths:1 | Reached skill level 15 in Ice Magic
 72018 | Depths:1 | Reached XP level 26. HP: 201/201 MP: 44/44
 72269 | Depths:1 | Found a gateway to Hell.
 73416 | Depths:2 | Found Byutir's Assorted Antiques.
 73847 | Depths:2 | Identified the +9 trident of the Dancing Dove {antimagic,
                  | rPois rC- Str+2 Int+5}
 74659 | Depths:2 | Identified the +0 helmet of Grace {Will+ rCorr}
 74892 | Depths:2 | Found a gateway to a ziggurat.
 75628 | Depths:3 | Got the Catalogue of Curses
 76656 | Depths:3 | Learned a level 7 spell: Orb of Destruction
 77000 | Depths:3 | Found a one-way gate leading to the halls of Pandemonium.
 77016 | Depths:3 | Identified the +0 scale mail of Daqos Jimm {Rampage rF-
                  | rN+}
 77083 | Depths:3 | Reached XP level 27. HP: 183/207 MP: 44/44
 77949 | Depths:3 | Found the +2 hood of the Assassin {Detection Stab+ Stlth++}
 77951 | Depths:3 | Found a shadowy altar of Dithmenos.
 77962 | Depths:3 | Identified the +3 shadow dragon scales of Wiemeivi {rElec
                  | Dex+2 Stlth++++}
 79962 | Depths:4 | Found a hazy altar of Hepliaklqana.
 80070 | Depths:4 | Found a one-way gate to the infinite horrors of the Abyss.
 80298 | Depths:5 | Entered Level 5 of the Depths
 81910 | Depths:5 | Noticed Margery
 81918 | Depths:5 | Killed Margery
 82861 | Depths:5 | Found a gate to the Realm of Zot.
 83220 | Vaults:5 | Entered Level 5 of the Vaults
 83248 | Vaults:5 | Noticed a dread lich
 83253 | Vaults:5 | Killed a dread lich
 83265 | Vaults:5 | Reached skill level 10 in Shields
 83265 | Vaults:5 | Reached skill level 10 in Evocations
 83292 | Vaults:5 | Noticed an ancient lich
 83296 | Vaults:5 | Killed an ancient lich
 84018 | Vaults:5 | Identified the +9 dire flail of the Seven Seers {vorpal,
                  | rElec}
 84617 | Vaults:5 | Found Wioniq's Magic Scroll Emporium.
 84622 | Vaults:5 | Bought a scroll of acquirement for 624 gold pieces
 84622 | Vaults:5 | Bought a scroll of blinking for 90 gold pieces
 85167 | Vaults:5 | Got a silver rune of Zot
 85234 | Vaults:5 | Identified the +5 hunting sling of the Glowing Seeker
                  | {venom, Will- Str+5}
 85256 | Vaults:5 | Got Jiprat's Handbook of Evil Magic and the Escort
 85284 | Vaults:5 | Identified the +4 ring mail of Dithmenos {rC+ SInv}
 85326 | Vaults:5 | Found the +3 sling "Punk" {acid, rCorr}
 85335 | Vaults:5 | Got the Tome of Transmigration
 85559 | Vaults:5 | Identified the +1 helmet of the Moon Troll {rC+}
 85948 | Hell     | Entered the Vestibule of Hell
 85948 | Hell     | Noticed Geryon
 85952 | Hell     | Reached skill level 15 in Dodging
 85956 | Hell     | Killed Geryon
 86125 | Hell     | Reached skill level 15 in Armour
 86737 | Hell     | Noticed Murray
 87024 | Depths:1 | Killed Murray
 87396 | Hell     | Found a gateway to the decaying netherworld of Tartarus.
 87486 | Hell     | Found a gateway to the freezing wastes of Cocytus.
 87660 | Hell     | Found a gateway to the ashen valley of Gehenna.
 87733 | Hell     | Found a gateway to the Iron City of Dis.
 87982 | Crypt:1  | Entered Level 1 of the Crypt
 88000 | Crypt:1  | Noticed Khufu
 88000 | Crypt:1  | Noticed a royal mummy
 88007 | Crypt:1  | Killed Khufu
 88311 | Crypt:1  | Killed a royal mummy
 92044 | Crypt:3  | Entered Level 3 of the Crypt
 92662 | Crypt:3  | Found a basalt altar of Yredelemnul.
 93805 | Crypt:3  | Noticed Saint Roka
 93830 | Crypt:3  | Killed Saint Roka
 94196 | Crypt:3  | Noticed Jory
 94203 | Crypt:3  | Killed Jory
 94204 | Crypt:3  | Reached skill level 1 in Necromancy
 94418 | Crypt:3  | Identified the +2 robe "Jana" {Int+6}
 94697 | Crypt:3  | Found a staircase to the Tomb.
 94987 | D:13     | Acquired the amulet "Udweko" {Reflect rC+ SH+5 SInv}
 95061 | D:13     | Acquired Sif Muna's Volume of Ashen Confrontation
 95063 | D:13     | Acquired the ring of Thoughtfulness {+Blink rF+}
 95064 | D:13     | Acquired the ring of the Dropbear {rElec AC+4 Stlth+}
 95259 | Depths:4 | Voluntarily entered the Abyss.
 95547 | Abyss:1  | Found a corrupted altar of Lugonu.
 95703 | Abyss:1  | Reached skill level 5 in Necromancy
 95712 | Depths:4 | Escaped the Abyss
 95814 | Depths:4 | Voluntarily entered the Abyss.
 95816 | Abyss:1  | Found a corrupted altar of Lugonu.
 95857 | Abyss:3  | Found a hazy altar of Hepliaklqana.
 95930 | Abyss:3  | Identified the +1 chain mail "Zushoni" {rF++ Int+5}
 96304 | Depths:4 | Escaped the Abyss
 96390 | Depths:4 | Voluntarily entered the Abyss.
 96854 | Depths:4 | Escaped the Abyss
 97000 | Depths:4 | Voluntarily entered the Abyss.
 97104 | Abyss:1  | Found a corrupted altar of Lugonu.
 97323 | Depths:4 | Escaped the Abyss
 97475 | Depths:4 | Voluntarily entered the Abyss.
 97509 | Abyss:1  | Reached skill level 1 in Transmutations
 97979 | Depths:4 | Escaped the Abyss
 98209 | Depths:4 | Voluntarily entered the Abyss.
 98258 | Abyss:1  | Learned a level 4 spell: Iskenderun's Mystic Blast
 98264 | Abyss:1  | Learned a level 5 spell: Borgnjor's Vile Clutch
 98716 | Abyss:2  | Found a hide-covered altar of Uskayaw.
 98758 | Abyss:2  | Reached skill level 10 in Necromancy
 99197 | Abyss:2  | Reached skill level 5 in Transmutations
 99199 | Depths:4 | Escaped the Abyss
 99598 | Depths:4 | Voluntarily entered the Abyss.
100128 | Depths:4 | Escaped the Abyss
100332 | Depths:4 | Voluntarily entered the Abyss.
100764 | Depths:4 | Escaped the Abyss
100957 | Zot:1    | Entered Level 1 of the Realm of Zot
100962 | Zot:1    | Noticed a dread lich
101273 | Zot:1    | Killed a dread lich
102828 | Zot:1    | Reached skill level 10 in Transmutations
103130 | Zot:1    | Identified the +3 leather armour of the Hart {rN++ Str-2}
104171 | Zot:2    | Found the +4 dragonskin cloak
104171 | Zot:2    | Noticed Tiamat
104254 | Zot:2    | Identified the +5 great sword of Ointment {drain, rElec
                  | rPois Str+4}
106073 | Zot:2    | Killed Tiamat
107152 | Zot:3    | Noticed an orb of fire
107844 | Zot:4    | Noticed a Killer Klown
107852 | Zot:4    | Killed a Killer Klown
109045 | Zot:5    | Entered Level 5 of the Realm of Zot
110543 | Zot:5    | Noticed a dread lich
110547 | Zot:5    | Killed a dread lich
110626 | Zot:5    | Noticed an orb of fire
110641 | Zot:5    | Killed an orb of fire
110643 | Zot:5    | Noticed an orb of fire
110929 | Zot:5    | Gained mutation: You are occasionally teleported next to
                  | monsters. [an orb of fire]
110930 | Zot:5    | Killed an orb of fire
110981 | Zot:4    | Lost mutation: You are occasionally teleported next to
                  | monsters. [potion of mutation]
110981 | Zot:4    | Gained mutation: You are strong-willed. (Will+) [potion of
                  | mutation]
110981 | Zot:4    | Lost mutation: You are strong-willed. (Will+) [potion of
                  | mutation]
110981 | Zot:4    | Gained mutation: Your natural rate of healing is unusually
                  | fast. [potion of mutation]
110981 | Zot:4    | Gained mutation: You possess an exceptional clarity of
                  | mind. [potion of mutation]
110997 | Zot:5    | Noticed a Killer Klown
110997 | Zot:5    | Noticed a Killer Klown
111020 | Zot:5    | Killed a Killer Klown
111022 | Zot:5    | Killed a Killer Klown
111045 | Zot:5    | Noticed a Killer Klown
111187 | Zot:5    | Killed a Killer Klown
111188 | Zot:5    | Reached skill level 15 in Necromancy
111188 | Zot:5    | Reached skill level 15 in Transmutations
111294 | Zot:5    | Noticed a Killer Klown
111404 | Zot:5    | Killed a Killer Klown
111641 | Zot:5    | Noticed an ancient lich
111644 | Zot:5    | Killed an ancient lich
111663 | Zot:5    | Noticed an orb of fire
111675 | Zot:5    | Killed an orb of fire
111691 | Zot:5    | Noticed a Killer Klown
111708 | Zot:5    | Killed a Killer Klown
112079 | Zot:5    | Noticed a Killer Klown
112104 | Zot:5    | Killed a Killer Klown
112283 | Zot:5    | Noticed a Killer Klown
112406 | Zot:5    | Killed a Killer Klown
112660 | Zot:5    | Noticed a Killer Klown
112668 | Zot:5    | Killed a Killer Klown
112682 | Zot:5    | Noticed an ancient lich
112987 | Zot:5    | Killed an ancient lich
113599 | Zot:5    | Noticed a Killer Klown
113603 | Zot:5    | Killed a Killer Klown
114530 | D:13     | Acquired the ring of Kash {rPois rCorr SInv Stlth+}
114531 | D:13     | Acquired the Collected Works on Ghastly Moulding
114916 | Depths:4 | Voluntarily entered the Abyss.
115128 | Abyss:3  | Got an abyssal rune of Zot
115172 | Abyss:3  | Found a corrupted altar of Lugonu.
115332 | Abyss:3  | Found a corrupted altar of Lugonu.
115657 | Depths:4 | Escaped the Abyss
115667 | Depths:4 | Learned a level 8 spell: Necromutation
116102 | Slime:1  | Entered Level 1 of the Pits of Slime
117888 | Slime:5  | Entered Level 5 of the Pits of Slime
118347 | Slime:5  | Noticed the Royal Jelly
118901 | Slime:5  | Found a viscous altar of Jiyva.
120815 | Slime:5  | Killed the Royal Jelly
120990 | Slime:5  | Identified the +4 whip "Kotayple" {freeze, rPois}
120995 | Slime:5  | Identified the +10 hunting sling "Zuuraint" {flame, rF++
                  | MP+9}
121048 | Slime:5  | Got a slimy rune of Zot
121447 | Coc:1    | Entered Level 1 of Cocytus
122236 | Coc:3    | Noticed a shard shrike
122239 | Coc:3    | Killed a shard shrike
122395 | Coc:4    | You are sucked into a shaft and drop 1 floor!
122483 | Coc:5    | Noticed a shard shrike
122485 | Coc:5    | Killed a shard shrike
123225 | Coc:3    | Noticed a shard shrike
123226 | Coc:3    | Noticed a shard shrike
123227 | Coc:3    | Noticed a shard shrike
123228 | Coc:3    | Killed a shard shrike
123230 | Coc:3    | Killed a shard shrike
123233 | Coc:3    | Killed a shard shrike
123238 | Coc:3    | Noticed a shard shrike
123245 | Coc:3    | Killed a shard shrike
123554 | Coc:4    | Reached skill level 15 in Evocations
124244 | Coc:4    | Noticed a shard shrike
124248 | Coc:4    | Killed a shard shrike
124499 | Coc:5    | Noticed a shard shrike
124504 | Coc:5    | Killed a shard shrike
124589 | Coc:5    | Noticed a shard shrike
124591 | Coc:5    | Noticed a shard shrike
124594 | Coc:5    | Killed a shard shrike
124597 | Coc:5    | Killed a shard shrike
125094 | Coc:6    | Noticed a shard shrike
125097 | Coc:6    | Killed a shard shrike
125139 | Coc:6    | Noticed a shard shrike
125143 | Coc:6    | Killed a shard shrike
125178 | Coc:6    | Noticed a shard shrike
125180 | Coc:7    | Entered Level 7 of Cocytus
125373 | Coc:2    | Noticed a shard shrike
125374 | Coc:2    | Killed a shard shrike
125521 | Coc:6    | Killed a shard shrike
125735 | Coc:7    | Noticed a shard shrike
125736 | Coc:7    | Killed a shard shrike
125794 | Coc:7    | Noticed a shard shrike
125797 | Coc:7    | Killed a shard shrike
126540 | Coc:7    | Noticed a shard shrike
126547 | Coc:7    | Killed a shard shrike
127578 | Coc:7    | Noticed a shard shrike
127582 | Coc:7    | Killed a shard shrike
127724 | Coc:7    | Noticed a shard shrike
127728 | Coc:7    | Killed a shard shrike
127739 | Coc:7    | Noticed a shard shrike
127740 | Coc:7    | Noticed a shard shrike
127743 | Coc:7    | Killed a shard shrike
127744 | Coc:7    | Killed a shard shrike
127796 | Coc:7    | Noticed a shard shrike
127797 | Coc:7    | Killed a shard shrike
127856 | Coc:7    | Noticed a shard shrike
127856 | Coc:7    | Noticed a shard shrike
127856 | Coc:7    | Noticed a shard shrike
127856 | Coc:7    | Noticed a shard shrike
127856 | Coc:7    | Noticed a shard shrike
127860 | Coc:7    | Killed a shard shrike
127860 | Coc:7    | Killed a shard shrike
127861 | Coc:7    | Killed a shard shrike
127862 | Coc:7    | Killed a shard shrike
127863 | Coc:7    | Killed a shard shrike
128380 | Coc:7    | Reached skill level 27 in Spellcasting
129024 | Coc:7    | Noticed Antaeus
129212 | Coc:7    | Noticed a shard shrike
129217 | Coc:7    | Killed a shard shrike
129469 | Coc:7    | Noticed a shard shrike
129470 | Coc:7    | Killed a shard shrike
129588 | Coc:7    | Killed Antaeus
129663 | Coc:7    | Noticed a shard shrike
129663 | Coc:7    | Noticed a shard shrike
129663 | Coc:7    | Noticed a shard shrike
129665 | Coc:7    | Killed a shard shrike
129666 | Coc:7    | Killed a shard shrike
129671 | Coc:7    | Killed a shard shrike
130045 | Coc:7    | Noticed a shard shrike
130050 | Coc:7    | Killed a shard shrike
130107 | Coc:7    | Got an icy rune of Zot
130508 | Tar:1    | Entered Level 1 of Tartarus
130557 | Dis:1    | Entered Level 1 of the Iron City of Dis
132467 | Hell     | Learned a level 9 spell: Shatter
132654 | Dis:4    | You are sucked into a shaft and drop 2 floors!
132880 | Dis:7    | Entered Level 7 of the Iron City of Dis
133535 | Dis:4    | You are sucked into a shaft and drop 2 floors!
135909 | Dis:7    | Identified the +12 hand crossbow of Destruction {vorpal,
                  | Dex+2}
137042 | Dis:7    | Learned a level 9 spell: Polar Vortex
137672 | Dis:7    | Identified the +2 pair of gloves of Tenacity {SInv}
138768 | Dis:7    | Found the +4 staff of Dispater
138768 | Dis:7    | Noticed Dispater
138780 | Dis:7    | Killed Dispater
138820 | Dis:7    | Got the Collected Works on the Frostbite and Lightness
138826 | Dis:7    | Got an iron rune of Zot
139305 | Tomb:1   | Entered Level 1 of the Tomb of the Ancients
140113 | Tomb:1   | Noticed a royal mummy
140113 | Tomb:1   | Noticed a royal mummy
140116 | Tomb:1   | Noticed a royal mummy
140117 | Tomb:1   | Killed a royal mummy
140117 | Tomb:1   | Noticed a royal mummy
140121 | Tomb:1   | Noticed a royal mummy
140122 | Tomb:1   | Noticed a royal mummy
140123 | Tomb:1   | Killed a royal mummy
140123 | Tomb:1   | Noticed a royal mummy
140123 | Tomb:1   | Noticed a royal mummy
140125 | Tomb:1   | Killed a royal mummy
140125 | Tomb:1   | Killed a royal mummy
140126 | Tomb:1   | Killed a royal mummy
140126 | Tomb:1   | Killed a royal mummy
140126 | Tomb:1   | Killed a royal mummy
140127 | Tomb:1   | Killed a royal mummy
140173 | Tomb:1   | Noticed a royal mummy
140184 | Tomb:1   | Killed a royal mummy
140254 | Tomb:1   | Noticed a royal mummy
140257 | Tomb:1   | Killed a royal mummy
140560 | Tomb:1   | Noticed a royal mummy
140565 | Tomb:1   | Noticed a royal mummy
140567 | Tomb:1   | Killed a royal mummy
140569 | Tomb:1   | Killed a royal mummy
140879 | Tomb:1   | Noticed a royal mummy
140886 | Tomb:1   | Killed a royal mummy
140891 | Tomb:1   | Noticed a royal mummy
140900 | Tomb:1   | Killed a royal mummy
141489 | Tomb:2   | Noticed a royal mummy
141489 | Tomb:2   | Noticed a royal mummy
141489 | Tomb:2   | Noticed a royal mummy
141489 | Tomb:2   | Noticed a royal mummy
141492 | Tomb:2   | Killed a royal mummy
141493 | Tomb:2   | Killed a royal mummy
141494 | Tomb:2   | Killed a royal mummy
141496 | Tomb:2   | Killed a royal mummy
141894 | Tomb:2   | Reached skill level 1 in Fire Magic
143077 | Tomb:3   | Entered Level 3 of the Tomb of the Ancients
143099 | Tomb:3   | Noticed a royal mummy
143102 | Tomb:3   | Noticed a royal mummy
143103 | Tomb:3   | Reached skill level 5 in Fire Magic
143104 | Tomb:3   | Noticed a royal mummy
143104 | Tomb:3   | Noticed a royal mummy
143106 | Tomb:3   | Noticed a royal mummy
143106 | Tomb:3   | Noticed a royal mummy
143106 | Tomb:3   | Noticed a royal mummy
143107 | Tomb:3   | Noticed a royal mummy
143109 | Tomb:3   | Killed a royal mummy
143109 | Tomb:3   | Killed a royal mummy
143109 | Tomb:3   | Killed a royal mummy
143109 | Tomb:3   | Noticed a royal mummy
143110 | Tomb:3   | Killed a royal mummy
143110 | Tomb:3   | Killed a royal mummy
143110 | Tomb:3   | Killed a royal mummy
143111 | Tomb:3   | Killed a royal mummy
143111 | Tomb:3   | Killed a royal mummy
143113 | Tomb:3   | Killed a royal mummy
143479 | Tomb:3   | Identified the +0 helmet of Garicoas {Int+2 Dex+2}
143553 | Tomb:3   | Identified the amulet "Citonit" {Acrobat rElec rF- Str+8
                  | Dex-4}
143567 | Tomb:3   | Identified the ring of Qescheipo {Will+ rCorr}
143579 | Tomb:3   | Identified the +4 ring mail "Pamas" {Stlth+}
143580 | Tomb:3   | Identified the ring "Ephero" {SInv Stlth+}
143583 | Tomb:3   | Identified the +6 lajatang "Lerghed" {freeze, Fly rC++
                  | Will- rCorr}
143643 | Tomb:3   | Got a golden rune of Zot
143672 | Tomb:3   | Identified the +6 falchion of Discretion {spect, rC++}
143692 | Tomb:3   | Identified the +0 leather armour of the Realm of Zot {rC+
                  | Dex+3}
143695 | Tomb:3   | Identified the +1 scale mail of Ruuhuor {*Slow rPois Will+
                  | Dex+3}
143701 | Tomb:3   | Identified the +4 hunting sling "Itosij" {flame, rF+ rC+
                  | rN+ Int+2}
143703 | Tomb:3   | Identified the +9 battleaxe of Kamat {antimagic, Will-
                  | Dex+6}
143737 | Tomb:3   | Identified the +1 ice dragon scales "Botyiv" {Rampage rF-
                  | rC++ Int+3 Stlth+}
144603 | Geh:1    | Entered Level 1 of Gehenna
145008 | Geh:1    | You are sucked into a shaft and drop 1 floor!
145870 | Geh:6    | Reached skill level 10 in Fire Magic
146196 | Geh:7    | Entered Level 7 of Gehenna
146979 | Geh:7    | Found the +7 sceptre of Asmodeus
146979 | Geh:7    | Noticed Asmodeus
147638 | Geh:7    | Killed Asmodeus
147775 | Geh:7    | Got an obsidian rune of Zot
148624 | Tar:1    | Reached skill level 15 in Fire Magic
149800 | Tar:7    | Entered Level 7 of Tartarus
150908 | Tar:7    | Learned a level 9 spell: Fire Storm
151291 | Tar:7    | Identified the +9 quarterstaff of Faxelog {flame, Str-2
                  | Int+7 Dex+5}
151293 | Tar:7    | Identified the +0 robe of the Vacuum {Int+5 SInv Stlth+}
151928 | Tar:7    | Noticed the Serpent of Hell
151937 | Tar:7    | Killed the Serpent of Hell
152291 | Tar:7    | Found the +5 demon whip "Spellbinder" {antimagic, Will+}
152304 | Tar:7    | Got the Volume of Glacial Enchantment
152832 | Tar:7    | Noticed Ereshkigal
152856 | Zig:1    | Entered Level 1 of a ziggurat
152986 | Zig:2    | Entered Level 2 of a ziggurat
153000 | Zig:3    | Entered Level 3 of a ziggurat
153042 | Zig:3    | Identified the +2 ring mail "Miesar" {Contam rPois Will++
                  | Stlth+}
153045 | Zig:4    | Entered Level 4 of a ziggurat
153048 | Zig:4    | Noticed an orb of fire
153054 | Zig:4    | Killed an orb of fire
153151 | Zig:5    | Entered Level 5 of a ziggurat
153155 | Zig:5    | Noticed a juggernaut
153158 | Zig:5    | Killed a juggernaut
153206 | Zig:5    | Identified the +7 scimitar of Unetihash {drain, Fly Will+++
                  | Dex-5 Stlth-}
153209 | Zig:6    | Entered Level 6 of a ziggurat
153266 | Zig:7    | Entered Level 7 of a ziggurat
153287 | Zig:7    | Got Roxanne's Catalogue of Mutagenic Clay
153305 | Zig:8    | Entered Level 8 of a ziggurat
153404 | Zig:8    | Identified the +1 broad axe of the Battered Ships {distort,
                  | rElec rN+ Int-5}
153455 | Zig:9    | Entered Level 9 of a ziggurat
153517 | Zig:9    | Identified the amulet of the Princess {Acrobat Dex+3}
153519 | Zig:9    | Identified the +10 hand axe "Vacvuc" {vorpal, rElec rPois
                  | Dex+2}
153550 | Zig:10   | Entered Level 10 of a ziggurat
153649 | Zig:10   | Identified the +2 helmet of the Ego {rPois Str+4 Int-5}
153663 | Zig:11   | Entered Level 11 of a ziggurat
153686 | Zig:11   | Found the ring of the Tortoise {AC+8}
153739 | Zig:11   | Identified the +5 hand axe of Disarray {vorpal, *Slow rF+
                  | Int+4 Dex+5}
153743 | Zig:12   | Entered Level 12 of a ziggurat
153775 | Zig:12   | Noticed a dread lich
153775 | Zig:12   | Noticed an ancient lich
153778 | Zig:12   | Noticed an ancient lich
153779 | Zig:12   | Killed an ancient lich
153779 | Zig:12   | Killed a dread lich
153782 | Zig:12   | Killed an ancient lich
153799 | Zig:12   | Found the +8 glaive of the Guard {elec, spectral, AC+5}
153804 | Zig:12   | Identified the +3 battleaxe of Invincibility {drain, Int-5
                  | Dex+5}
153830 | Zig:12   | Identified the +1 ring mail of Wu Jian's Generosity
                  | {Regen+}
153854 | Zig:13   | Entered Level 13 of a ziggurat
153896 | Zig:13   | Identified the ring of Poemaret {Will+++ MP-9 Int+3 Slay+4}
153899 | Zig:13   | Identified the ring of Mutualism {rF+ rCorr MP-9 Int+5}
153928 | Zig:14   | Entered Level 14 of a ziggurat
153937 | Zig:14   | Noticed Edion the pandemonium lord
153937 | Zig:14   | Noticed a Killer Klown
153938 | Zig:14   | Noticed Xainie the pandemonium lord
153938 | Zig:14   | Noticed Qeehiefe the pandemonium lord
153939 | Zig:14   | Noticed Wybijure the pandemonium lord
153947 | Zig:14   | Killed a Killer Klown
153947 | Zig:14   | Killed Xainie the pandemonium lord
153950 | Zig:14   | Killed Edion the pandemonium lord
153951 | Zig:14   | Killed Qeehiefe the pandemonium lord
153952 | Zig:14   | Noticed a Killer Klown
153953 | Zig:14   | Noticed a Killer Klown
153955 | Zig:14   | Noticed Jiubbuir the pandemonium lord
153956 | Zig:14   | Killed Wybijure the pandemonium lord
153958 | Zig:14   | Killed a Killer Klown
153960 | Zig:14   | Killed a Killer Klown
153961 | Zig:14   | Killed Jiubbuir the pandemonium lord
154197 | Zig:14   | Identified the +9 war axe "Grim Tooth" {vorpal, rPois}
154203 | Zig:15   | Entered Level 15 of a ziggurat
154340 | Zig:15   | Identified the ring "Xotan" {Drain rPois rF+ EV+4 SInv}
154369 | Zig:15   | Identified the +4 scale mail of the Seven Violins {Rampage
                  | rElec Regen+ Stlth+}
154394 | Zig:16   | Entered Level 16 of a ziggurat
154502 | Zig:16   | Identified the ring of False Pretenses {*Corrode +Blink
                  | rElec Dex+6}
154545 | Zig:17   | Entered Level 17 of a ziggurat
154552 | Zig:17   | Noticed Biogesa the pandemonium lord
154553 | Zig:17   | Noticed a Killer Klown
154553 | Zig:17   | Noticed a Killer Klown
154553 | Zig:17   | Noticed Ugriedif the pandemonium lord
154555 | Zig:17   | Noticed Viupter the pandemonium lord
154556 | Zig:17   | Killed a Killer Klown
154556 | Zig:17   | Killed a Killer Klown
154558 | Zig:17   | Noticed Malew the pandemonium lord
154559 | Zig:17   | Killed Biogesa the pandemonium lord
154559 | Zig:17   | Noticed a Killer Klown
154560 | Zig:17   | Noticed Zazid the pandemonium lord
154561 | Zig:17   | Noticed Giovu the pandemonium lord
154561 | Zig:17   | Killed Ugriedif the pandemonium lord
154561 | Zig:17   | Noticed a Killer Klown
154561 | Zig:17   | Noticed Wastramp the pandemonium lord
154562 | Zig:17   | Killed a Killer Klown
154563 | Zig:17   | Killed Zazid the pandemonium lord
154563 | Zig:17   | Noticed Aweocyicuc the pandemonium lord
154565 | Zig:17   | Killed Viupter the pandemonium lord
154565 | Zig:17   | Killed a Killer Klown
154566 | Zig:17   | Noticed a Killer Klown
154569 | Zig:17   | Killed Aweocyicuc the pandemonium lord
154571 | Zig:17   | Killed Malew the pandemonium lord
154572 | Zig:17   | Killed Giovu the pandemonium lord
154573 | Zig:17   | Killed a Killer Klown
154574 | Zig:17   | Killed Wastramp the pandemonium lord
154705 | Zig:17   | Found the amulet of the Four Winds {rN+ Will+++ Clar}
154719 | Zig:17   | Identified the ring of Orpheabb {Will+ Str+4 Slay+2}
154892 | Zig:18   | Entered Level 18 of a ziggurat
154984 | Zig:18   | Got the Tome of the Traveller
154985 | Zig:18   | Identified the +5 war axe of the Blind Eye {spect, Will+}
154988 | Zig:18   | Identified the ring "Mairham" {rElec Dex+6}
155016 | Zig:19   | Entered Level 19 of a ziggurat
155053 | Zig:19   | Found the amulet of the Air {Inacc Air Fly rElec RMsl}
155083 | Zig:19   | Identified the ring "Lone" {Ice rPois Dex+3}
155087 | Zig:19   | Identified the +0 robe of Hairiness {rC+ Dex+2}
155097 | Zig:19   | Acquired 705 gold pieces
155102 | Zig:19   | Identified the ring "Zywewn" {rN+ Str+4}
155116 | Zig:19   | Acquired 536 gold pieces
155123 | Zig:19   | Identified the +8 flail of Setuc {vorpal, *Corrode rN++}
155149 | Zig:20   | Entered Level 20 of a ziggurat
155165 | Zig:20   | Noticed a royal mummy
155167 | Zig:20   | Noticed a royal mummy
155167 | Zig:20   | Noticed a royal mummy
155168 | Zig:20   | Noticed a royal mummy
155168 | Zig:20   | Noticed a royal mummy
155169 | Zig:20   | Noticed a royal mummy
155170 | Zig:20   | Killed a royal mummy
155171 | Zig:20   | Killed a royal mummy
155171 | Zig:20   | Killed a royal mummy
155173 | Zig:20   | Killed a royal mummy
155173 | Zig:20   | Killed a royal mummy
155173 | Zig:20   | Killed a royal mummy
155173 | Zig:20   | Noticed a royal mummy
155174 | Zig:20   | Reached skill level 27 in Conjurations
155174 | Zig:20   | Noticed a royal mummy
155176 | Zig:20   | Killed a royal mummy
155178 | Zig:20   | Killed a royal mummy
155209 | Zig:20   | Found the +13 scythe of Curses {drain, Drain}
155216 | Zig:20   | Identified the +1 trident of Pukitt {pain, Fly rElec Will+}
155253 | Zig:21   | Entered Level 21 of a ziggurat
155294 | Zig:21   | Reached skill level 27 in Fire Magic
155420 | Zig:21   | Got the Incunabulum of the Supportive Snowflakes
155421 | Zig:21   | Identified the +0 helmet of Exubri Baoti {rF+ Str+4 SInv
                  | Stlth-}
155436 | Zig:21   | Identified the +1 plate armour of the Four Tusks {-Tele
                  | Str+5}
155492 | Zig:21   | Identified the +6 morningstar "Cuugawae" {vorpal, *Rage
                  | rC++ rN+}
155497 | Zig:22   | Entered Level 22 of a ziggurat
155595 | Zig:22   | Identified the +9 morningstar "Akoukhoj" {flame, Contam
                  | rN++ Int+4 Dex+4}
155596 | Zig:22   | Identified the +5 trident of the Vaults {distort, +Blink
                  | Int+2}
155597 | Zig:22   | Identified the ring "Duet" {Fly AC+4 Dex+5}
155755 | Zig:22   | Identified the +10 spear "Macil" {elec, +Blink Str+2}
155794 | Zig:22   | Identified the +12 glaive "Spiderbane" {flame, rC++ Dex+5
                  | Stlth-}
155800 | Zig:23   | Entered Level 23 of a ziggurat
155820 | Zig:23   | Noticed an orb of fire
155821 | Zig:23   | Noticed an orb of fire
155821 | Zig:23   | Noticed an orb of fire
155826 | Zig:23   | Noticed an orb of fire
155829 | Zig:23   | Noticed an orb of fire
155830 | Zig:23   | Killed an orb of fire
155830 | Zig:23   | Killed an orb of fire
155830 | Zig:23   | Killed an orb of fire
155831 | Zig:23   | Noticed an orb of fire
155832 | Zig:23   | Killed an orb of fire
155839 | Zig:23   | Killed an orb of fire
155839 | Zig:23   | Killed an orb of fire
155975 | Zig:23   | Found the ring of the Hare {EV+8}
155982 | Zig:23   | Acquired the ring "Mukladud" {rElec rF+++ rC+ Str-5 Dex+3}
155985 | Zig:23   | Identified the amulet of Isiukh {Harm rPois Regen+}
155986 | Zig:23   | Identified the ring "Luorinka" {rF+ EV+4 Dex+4}
155987 | Zig:23   | Identified the +5 ring mail "Podd" {Rampage Stlth+}
155994 | Zig:23   | Identified the +1 ring mail "Imua" {Harm Will- Int+2}
156011 | Zig:23   | Identified the +2 robe "Ivypoen" {+Blink rPois Dex+3}
156101 | Zig:24   | Entered Level 24 of a ziggurat
156126 | Zig:24   | Noticed a royal mummy
156126 | Zig:24   | Noticed a royal mummy
156128 | Zig:24   | Noticed a royal mummy
156130 | Zig:24   | Noticed a royal mummy
156131 | Zig:24   | Killed a royal mummy
156131 | Zig:24   | Killed a royal mummy
156131 | Zig:24   | Noticed a royal mummy
156132 | Zig:24   | Noticed a royal mummy
156133 | Zig:24   | Killed a royal mummy
156133 | Zig:24   | Noticed a royal mummy
156134 | Zig:24   | Noticed a royal mummy
156135 | Zig:24   | Killed a royal mummy
156135 | Zig:24   | Killed a royal mummy
156136 | Zig:24   | Killed a royal mummy
156136 | Zig:24   | Noticed a royal mummy
156138 | Zig:24   | Killed a royal mummy
156138 | Zig:24   | Noticed a royal mummy
156141 | Zig:24   | Killed a royal mummy
156142 | Zig:24   | Noticed a royal mummy
156143 | Zig:24   | Killed a royal mummy
156144 | Zig:24   | Noticed a royal mummy
156145 | Zig:24   | Killed a royal mummy
156146 | Zig:24   | Killed a royal mummy
156147 | Zig:24   | Noticed a royal mummy
156149 | Zig:24   | Killed a royal mummy
156152 | Zig:24   | Killed a royal mummy
156349 | Zig:24   | Identified the ring "Liopon" {rF- rC++ EV+4 Slay+6}
156416 | Tar:7    | Killed Ereshkigal
156438 | Tar:7    | Found the +8 frozen axe "Frostbite" {freezing cloud, *Noise
                  | Fly rC+}
156439 | Tar:7    | Identified the +0 scale mail of Understanding {rPois}
156446 | Tar:7    | Got a bone rune of Zot
156536 | Tar:7    | Reached skill level 27 in Fighting
157393 | Pan      | Entered Pandemonium
157602 | Pan      | Found a huge runed translucent gate.
157602 | Pan      | Found a huge runed translucent gate.
157602 | Pan      | Found a huge runed translucent gate.
157603 | Pan      | Found a huge runed translucent gate.
157603 | Pan      | Found a huge runed translucent gate.
157603 | Pan      | Found a huge runed translucent gate.
157604 | Pan      | Found a huge runed translucent gate.
157604 | Pan      | Found a huge runed translucent gate.
157604 | Pan      | Found a huge runed translucent gate.
157604 | Pan      | Found a huge runed translucent gate.
157605 | Pan      | Found a huge runed translucent gate.
157605 | Pan      | Found a huge runed translucent gate.
157606 | Pan      | Found a huge runed translucent gate.
157606 | Pan      | Found a huge runed translucent gate.
157606 | Pan      | Found a huge runed translucent gate.
157606 | Pan      | Found a huge runed translucent gate.
157607 | Pan      | Found a huge runed translucent gate.
157607 | Pan      | Found a huge runed translucent gate.
157607 | Pan      | Found a huge runed translucent gate.
157607 | Pan      | Found a huge runed translucent gate.
157607 | Pan      | Found a huge runed translucent gate.
157608 | Pan      | Noticed Dielirr the pandemonium lord
157754 | Pan      | Killed Dielirr the pandemonium lord
158907 | Pan      | Noticed Hiup the pandemonium lord
158924 | Pan      | Killed Hiup the pandemonium lord
159259 | Pan      | Identified the +2 plate armour "Fiumobb" {rN++}
160457 | Pan      | Got the Almanac of Damaging Ignition
160551 | Pan      | Found an exit through the horrors of the Abyss.
160818 | Pan      | Noticed Ibicav the pandemonium lord
160834 | Pan      | Killed Ibicav the pandemonium lord
161539 | Pan      | Found an exit through the horrors of the Abyss.
161662 | Pan      | Noticed Luergh the pandemonium lord
161679 | Pan      | Killed Luergh the pandemonium lord
162002 | Pan      | Reached skill level 5 in Throwing
163538 | Pan      | Noticed Jycy the pandemonium lord
163543 | Pan      | Killed Jycy the pandemonium lord
165384 | Pan      | Noticed Fucsiann the pandemonium lord
165392 | Pan      | Killed Fucsiann the pandemonium lord
167485 | Pan      | Noticed Akhleth the pandemonium lord
167489 | Pan      | Killed Akhleth the pandemonium lord
168428 | Pan      | Entered the realm of Cerebov.
168691 | Pan      | Reached skill level 10 in Throwing
169563 | Pan      | Identified the +5 great sword of Interdependent Arising
                  | {flame, rElec Str+3 Dex+3 SInv}
170064 | Pan      | Found the +6 sword of Cerebov {flame}
170064 | Pan      | Noticed Cerebov
171165 | Pan      | Identified the +12 fustibalus of Evisceration {flame, SInv}
172046 | Pan      | Killed Cerebov
172107 | Pan      | Got Mopibama's Disquisition on the Venomous Traveller
172109 | Pan      | Identified the +4 shortbow "Ulucyj" {venom, Will+ Str+4}
172293 | Pan      | Identified the +0 pair of gloves "Umugonua" {rPois}
172296 | Pan      | Identified the +0 hand axe of Painful Death {vorpal, Drain
                  | Int+7}
172299 | Pan      | Got Qack's Tome of Hurtful Execration
172328 | Pan      | Identified the +2 dagger "Gawkit" {vorpal, rN++ Str+2}
172468 | Pan      | Got a fiery rune of Zot
172840 | Pan      | Noticed Kauthi the pandemonium lord
172844 | Pan      | Killed Kauthi the pandemonium lord
173051 | Pan      | Noticed Mataicel the pandemonium lord
173060 | Pan      | Killed Mataicel the pandemonium lord
173061 | Pan      | Reached skill level 27 in Ice Magic
173319 | Pan      | Identified the amulet of the Zebra {Faith Str+4}
173323 | Pan      | Entered the realm of Gloorx Vloq.
173880 | Pan      | Found an exit through the horrors of the Abyss.
175503 | Pan      | Noticed Gloorx Vloq
175611 | Pan      | Killed Gloorx Vloq
175612 | Pan      | Reached skill level 15 in Throwing
175622 | Pan      | Got a dark rune of Zot
175997 | Pan      | Noticed Gedom the pandemonium lord
177342 | Pan      | Found a runed translucent door.
177355 | Pan      | Got a demonic rune of Zot
178192 | Pan      | Killed Gedom the pandemonium lord
178494 | Pan      | Entered the realm of Lom Lobon.
179050 | Pan      | Found an exit through the horrors of the Abyss.
179580 | Pan      | Noticed Lom Lobon
179785 | Pan      | Killed Lom Lobon
179956 | Pan      | Got a magical rune of Zot
180469 | Pan      | Noticed Vuexaecu the pandemonium lord
180476 | Pan      | Killed Vuexaecu the pandemonium lord
180647 | Pan      | Entered the realm of Mnoleg.
180648 | Pan      | Noticed Mnoleg
180989 | Pan      | Reached skill level 27 in Earth Magic
181145 | Pan      | Found an exit through the horrors of the Abyss.
181761 | Pan      | Paralysed by a floating eye for 3 turns
181766 | Pan      | Paralysed by a floating eye for 2 turns
181772 | Pan      | Killed Mnoleg
182059 | Pan      | Got a glowing rune of Zot
182142 | Pan      | Took an exit into the Abyss.
182142 | Abyss:1  | Escaped into the Abyss
182187 | Depths:3 | Escaped the Abyss
182690 | Zig:1    | Entered Level 1 of a ziggurat
182753 | Zig:2    | Entered Level 2 of a ziggurat
182775 | Zig:3    | Entered Level 3 of a ziggurat
182835 | Zig:4    | Entered Level 4 of a ziggurat
182851 | Zig:4    | Identified the +0 trident of Qazlal's Condemnation {flame,
                  | rN++ Int-4}
182885 | Zig:5    | Entered Level 5 of a ziggurat
182889 | Zig:5    | Noticed a juggernaut
182893 | Zig:5    | Killed a juggernaut
182941 | Zig:5    | Identified the +11 morningstar of Dishonour {vorpal, rC++}
182992 | Zig:6    | Entered Level 6 of a ziggurat
183025 | Zig:6    | Identified the +9 longbow "Biepyrcho" {freeze, rElec rC-
                  | Int+3}
183053 | Zig:7    | Entered Level 7 of a ziggurat
183121 | Zig:7    | Identified the +10 lajatang of Entrepreneurial Spirit
                  | {vamp, Int+3}
183122 | Zig:7    | Identified the +1 broad axe of Indignation {vorpal, Int+4}
183149 | Zig:8    | Entered Level 8 of a ziggurat
183154 | Zig:8    | Noticed Anintuqa the pandemonium lord
183163 | Zig:8    | Killed Anintuqa the pandemonium lord
183269 | Zig:9    | Entered Level 9 of a ziggurat
183292 | Zig:9    | Identified the ring of Youthful Indiscretion {rF- rC+ rCorr
                  | Str+6}
183295 | Zig:9    | Identified the ring of the Raven {*Corrode Will- EV+4 Str+4
                  | Int+8}
183298 | Zig:9    | Identified the +1 leather armour of the Vestibule of Hell
                  | {-Cast rElec rC++ SInv}
183301 | Zig:9    | Identified the +2 dagger of Xezalisy {vorpal, rF+ Str+4
                  | Dex-5}
183328 | Zig:10   | Entered Level 10 of a ziggurat
183336 | Zig:10   | Noticed a dread lich
183337 | Zig:10   | Killed a dread lich
183338 | Zig:10   | Found the +7 Kryia's mail coat {PotionHeal*2 rC+}
183389 | Zig:11   | Entered Level 11 of a ziggurat
183537 | Zig:12   | Entered Level 12 of a ziggurat
183560 | Zig:12   | Identified the ring of Nuamamani {rC+ Dex+3}
183564 | Zig:12   | Identified the amulet "Suasuele" {rF+ Regen+ Stlth+}
183566 | Zig:12   | Identified the +1 demon trident "Isuuv" {flame, rPois rC+
                  | Dex-2}
183577 | Zig:12   | Identified the +2 pair of gloves of Hide-and-Seek {rPois
                  | SInv}
183601 | Zig:13   | Entered Level 13 of a ziggurat
183606 | Zig:13   | Noticed a juggernaut
183608 | Zig:13   | Noticed a juggernaut
183609 | Zig:13   | Killed a juggernaut
183611 | Zig:13   | Noticed a juggernaut
183612 | Zig:13   | Killed a juggernaut
183612 | Zig:13   | Noticed a juggernaut
183615 | Zig:13   | Killed a juggernaut
183617 | Zig:13   | Killed a juggernaut
183693 | Zig:13   | Found the +4 dagger "Morg" {pain, Will+ Int+5}
183706 | Zig:13   | Identified the ring of Soruch {rElec rN+++ Will- EV+4
                  | Stlth+}
183741 | Zig:13   | Identified the +10 hand axe of Cowardice {venom, *Rage
                  | +Blink rF+ Str+5}
183792 | Zig:14   | Entered Level 14 of a ziggurat
183800 | Zig:14   | Noticed an ancient lich
183801 | Zig:14   | Noticed an ancient lich
183803 | Zig:14   | Killed an ancient lich
183805 | Zig:14   | Killed an ancient lich
183811 | Zig:14   | Found the necklace of Bloodlust {*Rage +Rage Will++ Int-3
                  | Slay+6}
183929 | Zig:15   | Entered Level 15 of a ziggurat
183939 | Zig:15   | Noticed a Killer Klown
183939 | Zig:15   | Noticed a Killer Klown
183940 | Zig:15   | Noticed a Killer Klown
183940 | Zig:15   | Noticed Acrius the pandemonium lord
183940 | Zig:15   | Noticed a Killer Klown
183940 | Zig:15   | Noticed a Killer Klown
183941 | Zig:15   | Noticed a Killer Klown
183948 | Zig:15   | Noticed a Killer Klown
183948 | Zig:15   | Noticed Xups the pandemonium lord
183951 | Zig:15   | Noticed Zijei the pandemonium lord
183956 | Zig:15   | Killed Xups the pandemonium lord
183957 | Zig:15   | Killed a Killer Klown
183957 | Zig:15   | Killed a Killer Klown
183958 | Zig:15   | Killed a Killer Klown
183958 | Zig:15   | Killed Zijei the pandemonium lord
183959 | Zig:15   | Killed a Killer Klown
183960 | Zig:15   | Killed a Killer Klown
183962 | Zig:15   | Killed a Killer Klown
183963 | Zig:15   | Killed Acrius the pandemonium lord
183964 | Zig:15   | Killed a Killer Klown
184069 | Zig:15   | Identified the ring "Ohodaz" {rElec rPois Will+ Int+4 SInv}
184071 | Zig:15   | Identified the amulet of the Magpie {Reflect Fly rC+ SH+5}
184077 | Zig:15   | Identified the ring of the Empty Page {rElec rN+ Dex+3}
184078 | Zig:15   | Identified the ring of Ipujics {Ice rElec Str+3 Int+2 SInv}
184080 | Zig:15   | Identified the amulet "Iphynyme" {Spirit Fragile Int+3}
184671 | Zot:5    | Got the Orb of Zot
184811 | Depths:5 | Noticed Poturuygg the pandemonium lord
184819 | Depths:5 | Killed Poturuygg the pandemonium lord
185002 | D:15     | Noticed a seraph
185107 | D:11     | Noticed Fitismof the pandemonium lord
185129 | D:11     | Killed Fitismof the pandemonium lord
185167 | D:10     | Noticed Gasetid the pandemonium lord
185390 | D:7      | Noticed Ediukuo the pandemonium lord
185833 | D:1      | Noticed Hamophapa the pandemonium lord
185836 | D:$      | Escaped with the Orb!

Illustrated notes

Levels and vault maps discovered:
D:1:      arrival_zaba_pyramid, layout_loops_ring,
          ebering_ecumenical_altar_petrified
D:2:      layout_rooms
D:3:      layout_rooms, mainiacjoe_overflow_small_starburst,
          jmf_multi_god_temple2, minmay_misc_feat_square
D:4:      layout_basic, tgw_trog, nicolae_yredelemnul_corpse_copse,
          ashenzari_altar_1, minmay_temple_entry_junction_2,
          kennysheep_another_room, uniq_sigmund, uniq_natasha
D:5:      layout_basic
D:6:      layout_layer_cave, nicolae_sif_muna_condensation
D:7:      layout_gridville, nicolae_ru_sacrificial_ziggurat,
          mainiacjoe_overflow_surrounded_room, nzn_wu_jian_council_hall,
          eino_tiny_chamber
D:8:      layout_rooms, erik_lair_dragon, kb_rosetta
D:9:      layout_roguey, nicolae_qazlal_eye_of_the_storm,
          kiku_gazebo_pond_becter
D:10:     layout_roguey, lemuel_tele_altar, grunt_ministairs_1
D:11:     layout_long_grid, hiddenorc2_lemuel
D:12:     minmay_smoke_and_mirrors, layout_basic,
          portal_ice_cave_entry_ice_simulacra, serial_shops, shop
D:13:     minmay_the_grid_square_5x5_5x5
          [minmay_the_grid_square_5x5_sharp_hourglass,
          minmay_the_grid_square_5x5_broken_cross,
          minmay_the_grid_square_5x5_meh, minmay_the_grid_square_5x5_minivault,
          minmay_the_grid_square_5x5_eight,
          minmay_the_grid_square_5x5_tetrominoes,
          minmay_the_grid_square_5x5_prize_deathbox,
          minmay_the_grid_square_5x5_dogpile,
          minmay_the_grid_square_5x5_prize_pseudospiral,
          minmay_the_grid_square_5x5_six, minmay_the_grid_square_5x5_n,
          minmay_the_grid_square_5x5_inverted_slash,
          minmay_the_grid_square_5x5_prize_monsterx,
          minmay_the_grid_square_5x5_z, minmay_the_grid_square_5x5_bite,
          minmay_the_grid_square_5x5_shrine1,
          minmay_the_grid_square_5x5_prize_itemx,
          minmay_the_grid_square_5x5_spiral,
          minmay_the_grid_square_5x5_prize_junk,
          minmay_the_grid_square_5x5_slash, minmay_the_grid_square_5x5_inner_z,
          minmay_the_grid_square_5x5_corner,
          minmay_the_grid_square_5x5_trominoes,
          minmay_the_grid_square_5x5_shrine2, minmay_the_grid_square_5x5_mess],
          layout_small_grid, erik_vaults_2, serial_shops,
          nicolae_shop_behind_doors, serial_park_tiny_1
D:14:     layout_basic, gauntlet_entry_generic, hex_tiny, uniq_snorg
D:15:     grunt_enter_depths_giant_problem, layout_basic, interstate_on_off
Temple:   jpeg_temple_island
Lair:1:   layout_big_grid, basic_altar, minivault_11
Lair:2:   layout_misc_corridors, worms_lemuel
Lair:3:   layout_long_grid, minmay_shoals_entry_lonely_mermaid,
          minmay_snake_entry_spellcaster, grunt_megastairs_3,
          serial_bayou_shore_b, uniq_gastronok
Lair:4:   layout_regular_city, uniq_josephine
Lair:5:   layout_regular_city, slime_altar_1, lemuel_fruit_fields
Lair:6:   cheibrodos_lair_end_hotspot, layout_gridlike, basic_altar
Shoals:1: layout_shoals, nicolae_shoals_arrival_archipelago
Shoals:2: layout_shoals, uniq_donald
Shoals:3: layout_shoals, serial_shops, nicolae_lakefront_shop,
          nicolae_shoals_lost_giant_amphitheater
Shoals:4: shoals_end_hellmonk_lost_city
Snake:1:  layout_gridlike, corexii_hall_statues_i, nicolae_snake_storage_room
Snake:2:  layout_concentric_octagons, serial_shops, nicolae_shop_behind_doors,
          serial_bayou_shore_a
Snake:3:  hangedman_cross_stitches, layout_basic, uniq_aizul
Snake:4:  hellmonk_snake_rune_quicksilver_temple, layout_cave_town, uniq_kirke
Slime:1:  layout_caves
Slime:2:  layout_caves
Slime:3:  layout_caves
Slime:4:  cheibrodos_slime_lost_civilization_9, layout_caves,
          nicolae_slime_phagocytosis
Slime:5
Orc:1:    layout_diamond_mine, uniq_sonja, uniq_maurice
Orc:2:    grunt_orc_community_town_hall, layout_diamond_mine,
          grunt_orc_community_big_house_1, grunt_orc_community_big_house_2,
          grunt_orc_community_house_2, grunt_orc_community_house_2,
          grunt_orc_community_house_2, grunt_orc_community_house_2,
          grunt_orc_community_house_2, grunt_orc_community_house_1,
          nicolae_orc_flooded_monolith, mines5_lemuel
Elf:1:    eino_elf_arrival_altar, layout_onion_city, minivault_28, st_stairs_11,
          minivault_20
Elf:2:    nicolae_elf_blades_crystal_corner, layout_rooms, serial_shops,
          nicolae_shop_stone, nicolae_shop_statue_plus, nicolae_take_the_stairs,
          dk_noncrumbling_3, corner_web_ring
Elf:3:    grunt_elf_hall_spiral, layout_onion_city, serial_shops,
          nicolae_diamond_shop, infiniplex_enter_wizlab_spiral
Vaults:1: v_misc_18, hangedman_vaults_stagger, nicolae_vaults_what_the_h,
          nicolae_vaults_little_ls, nicolae_vaults_shelves_hall,
          nicolae_vaults_network_barrier, nicolae_vaults_three_branches,
          nicolae_vaults_windows_and_doors_thing,
          nicolae_vaults_little_squares_2, vaults_room_mumra_shop_pool,
          layout_vaults_omnicross
Vaults:2: v_misc_26, ontoclasm_vaults_ring_square,
          hangedman_vaults_hard_town_square, vaults_dpeg_cross,
          ontoclasm_vaults_claustrophobia, vaults_room_semicircle,
          nicolae_vaults_asterisk, v_misc_9, grunt_vaults_twisty,
          nicolae_vaults_network_square, nicolae_vaults_mini_display_case,
          ontoclasm_vaults_chip, ontoclasm_vaults_misaligned, vaults_dpeg_hooks,
          layout_vaults_ring
Vaults:3: nicolae_vaults_asterisk, nicolae_vaults_murderbox,
          minmay_crypt_entry_nasty_monster, vaults_room_semicircle,
          v_alt_pattern_5, v_alt_pattern_3, ontoclasm_vaults_gateway,
          vaults_room_stairs_pillars, v_pattern_4, nicolae_vaults_shelves_hall,
          hangedman_vaults_trim, layout_vaults_omnigrid, uniq_asterion,
          uniq_frederick
Vaults:4: v_alt_pattern_3, ontoclasm_vaults_ring_square, hangedman_vaults_nails,
          nicolae_vaults_ninety_degrees, vaults_room_hallway, v_misc_23,
          nicolae_vaults_border_crossing, v_pattern_1, nicolae_vaults_alarming,
          layout_vaults_big_room
Vaults:5: serial_shops
Crypt:1:  layout_misc_corridors, grunt_megastairs_5, grunt_crypt_arrival_split,
          uniq_khufu
Crypt:2:  layout_gridlike, nicolae_crypt_small_crypt
Crypt:3:  grunt_crypt_end_deaths_head, uniq_saint_roka
Tomb:1
Tomb:2
Tomb:3
Depths:1: layout_roguey, serial_rivers, chequers_serial_rivers_micro_a,
          chequers_serial_rivers_room_b, chequers_serial_rivers_marsh,
          chequers_serial_rivers_small_b, nrook_mini_backslash,
          grunt_mini_vestibule, hangedman_aviary
Depths:2: four-leaf_vault, layout_basic, enter_ziggurat_c, serial_rivers,
          chequers_serial_rivers_micro_a, chequers_serial_rivers_room_b,
          chequers_serial_rivers_room_a, chequers_serial_rivers_room_a,
          minmay_misc_feat_enclosed, hell_entry, serial_shops,
          nicolae_shop_behind_doors, grunt_decor_arrowhead
Depths:3: regret_index_dithmenos_brocken_genspenst, layout_gridlike,
          rand_demon_pan_entry_8, minivault_14, grunt_hell_entry_dis_mu
Depths:4: minmay_connected_boxes_in_corner, layout_basic, hell_entry,
          serial_sigils_hangedman_shear, abyss_entry, pan_entry,
          nicolae_hepliaklqana_monster_ancestors
Depths:5: grunt_zot_entry_pinwheel, layout_long_grid, minmay_misc_feat_chi,
          abyss_entry_small_statue_room, hangedman_coc_ice_floe,
          rand_demon_pan_entry_1, uniq_margery
Hell
Dis:1:    layout_gridville
Dis:2:    layout_subdivisions
Dis:3:    layout_gridville, grunt_megastairs_1
Dis:4:    layout_subdivisions
Dis:5:    layout_subdivisions
Dis:6:    layout_jigsaw
Dis:7:    dis_hangedman
Geh:1:    layout_gehenna_lava_caves
Geh:2:    layout_gehenna_pools_basic
Geh:3:    layout_gehenna_lava_caves
Geh:4:    layout_gehenna_pools_box
Geh:5:    layout_gehenna_pools_basic
Geh:6:    layout_gehenna_pools_triple, lemuel_flamethrower_2
Geh:7:    geh_grunt_pentagon
Coc:1:    layout_ice_bergs, door_vault
Coc:2:    layout_ice_bergs
Coc:3:    layout_ice_bergs
Coc:4:    grunt_deathspiral_small, layout_ice_bergs
Coc:5:    layout_ice_bergs
Coc:6:    layout_ice_bergs
Coc:7:    coc_grunt_cove [coc_grunt_cove_antaeus, coc_grunt_cove_fiend,
          coc_grunt_cove_fiend, coc_grunt_cove_fiend, coc_grunt_cove_fiend]
Tar:1:    layout_grid_maze
Tar:2:    layout_honeycomb
Tar:3:    layout_grid_maze
Tar:4:    layout_cathedral_of_symmetry
Tar:5:    layout_honeycomb
Tar:6:    layout_catacombs
Tar:7:    tar_minmay_river
Zot:1:    kennysheep_blocky_hall, layout_onion_interference, st_stairs_7,
          hangedman_snap_crack_crunch
Zot:2:    layout_gridlike, uniq_tiamat
Zot:3:    layout_basic, nrook_zot_tub, grunt_megastairs_2
Zot:4:    layout_cellular_growth
Zot:5:    layout_basic

Skill      XL: |  1  2  3  4  5  6  7  8  9 10 11 12 13 14 15 16 17 18 19 20 21 22 23 24 25 26 27 |
---------------+----------------------------------------------------------------------------------+-----
Conjurations   | 2 3 4 5 6 8 10 12 14 15 16 17 27 | 27.0
Fighting       | 1 2 3 5 6 10 11 12 13 15 27 | 27.0
Translocations | 2 3 |  3.0
Poison Magic   | 1 2 3 5 |  5.0
Summonings     | 2 3 6 7 10 | 10.0
Dodging        | 3 4 5 9 10 19 | 19.7
Spellcasting   | 4 5 6 8 10 11 12 13 15 16 17 27 | 27.0
Throwing       | 1 3 4 15 | 15.0
Evocations     | 1 3 5 7 8 20 | 20.0
Shields        | 4 5 8 13 | 13.5
Earth Magic    | 3 8 10 11 13 14 16 17 27 | 27.0
Ice Magic      | 2 4 5 7 10 12 14 15 17 27 | 27.0
Air Magic      | 3 |  3.0
Armour         | 2 5 8 9 10 12 20 | 20.0
Necromancy     | 23 | 23.0
Transmutations | 22 | 22.7
Fire Magic     | 27 | 27.0
Short Blades   | |  0.4
Stealth        | |  2.0

Action                   |  1- 3 |  4- 6 |  7- 9 | 10-12 | 13-15 | 16-18 | 19-21 | 22-24 | 25-27 || total
-------------------------+-------+-------+-------+-------+-------+-------+-------+-------+-------++-------
Melee: Dagger            |    21 |       |       |       |       |       |       |       |       ||    21
       Short sword       |     7 |    72 |   130 |   298 |   163 |       |       |       |       ||   670
       Flail             |       |       |    21 |    11 |       |       |       |       |       ||    32
       Long sword        |       |       |       |       |   144 |    87 |    65 |    52 |  4082 ||  4430
       Unarmed           |       |       |       |       |       |       |       |       |     4 ||     4
Throw: Dart              |       |     7 |    19 |    20 |     8 |       |       |       |       ||    54
       Javelin           |       |       |       |     6 |       |       |       |       |     7 ||    13
       Boomerang         |       |       |       |       |       |       |       |       |     6 ||     6
 Cast: Magic Dart        |    87 |   130 |   128 |    98 |     1 |       |       |       |       ||   444
       Call Imp          |       |     5 |     6 |    18 |       |       |       |       |       ||    29
       Blink             |       |     1 |     2 |    26 |    23 |    11 |    17 |    11 |    11 ||   102
       Mephitic Cloud    |       |       |    19 |    66 |    81 |    31 |    30 |    15 |       ||   242
       Olgreb's Toxic Ra |       |       |     6 |    33 |    86 |    18 |    61 |    40 |     1 ||   245
       Stone Arrow       |       |       |       |   104 |   483 |   393 |   183 |    52 |       ||  1215
       Summon Ice Beast  |       |       |       |     2 |    13 |       |     3 |       |       ||    18
       Freezing Cloud    |       |       |       |       |    10 |    42 |    11 |     4 |     8 ||    75
       Lee's Rapid Decon |       |       |       |       |    25 |    30 |    58 |    88 |   547 ||   748
       Iron Shot         |       |       |       |       |     5 |   183 |   230 |   279 |  1390 ||  2087
       Fireball          |       |       |       |       |       |    13 |    80 |    41 |    57 ||   191
       Ignite Poison     |       |       |       |       |       |     5 |    44 |    23 |     2 ||    74
       Lehudib's Crystal |       |       |       |       |       |       |       |    70 |  1551 ||  1621
       Ozocubu's Refrige |       |       |       |       |       |       |       |    19 |   544 ||   563
       Spellforged Servi |       |       |       |       |       |       |       |     1 |    34 ||    35
       Orb of Destructio |       |       |       |       |       |       |       |       |   421 ||   421
       Necromutation     |       |       |       |       |       |       |       |       |   477 ||   477
       Shatter           |       |       |       |       |       |       |       |       |   362 ||   362
       Iskenderun's Myst |       |       |       |       |       |       |       |       |   250 ||   250
       Fire Storm        |       |       |       |       |       |       |       |       |   160 ||   160
       Polar Vortex      |       |       |       |       |       |       |       |       |   102 ||   102
       Borgnjor's Vile C |       |       |       |       |       |       |       |       |    21 ||    21
 Abil: End Transformatio |       |       |       |       |       |       |       |       |     1 ||     1
Evoke: Wand              |       |       |     5 |     7 |     3 |       |     5 |     2 |    74 ||    96
       Lightning rod     |       |       |       |     3 |       |       |    11 |     9 |   111 ||   134
       Piece from Xom's  |       |       |       |       |       |     5 |     3 |       |       ||     8
       Phial of floods   |       |       |       |       |       |       |     2 |     1 |    23 ||    26
       Condenser vane    |       |       |       |       |       |       |     1 |       |    20 ||    21
       Horn of Geryon    |       |       |       |       |       |       |       |       |    30 ||    30
       Box of beasts     |       |       |       |       |       |       |       |       |    20 ||    20
       Phantom mirror    |       |       |       |       |       |       |       |       |    14 ||    14
       Tin of tremorston |       |       |       |       |       |       |       |       |    13 ||    13
       Figurine of a zig |       |       |       |       |       |       |       |       |     1 ||     1
  Use: Scroll            |       |       |     3 |    16 |    12 |     5 |     2 |     4 |    39 ||    81
       Potion            |       |       |       |       |       |       |       |       |    20 ||    20
 Stab: Sleeping          |     1 |     1 |     1 |     2 |       |       |       |       |       ||     5
       Distracted        |       |     1 |     1 |     1 |       |       |       |       |     3 ||     6
       Confused          |       |       |     5 |    21 |     7 |       |       |       |       ||    33
       Paralysed         |       |       |       |     4 |    11 |       |       |       |       ||    15
       Petrified         |       |       |       |       |       |     1 |       |       |       ||     1
       Invisible         |       |       |       |       |       |       |       |       |     2 ||     2
Armor: Robe              |     9 |     4 |    27 |    39 |       |       |       |       |       ||    79
       Steam dragon scal |       |       |       |     3 |    53 |       |       |       |       ||    56
       Acid dragon scale |       |       |       |       |    56 |    93 |    20 |       |       ||   169
       Quicksilver drago |       |       |       |       |       |       |   109 |   123 |  3234 ||  3466
Dodge: Dodged            |    23 |    35 |    95 |   254 |   206 |   121 |   161 |   113 |  3784 ||  4792
Block: Buckler           |       |       |       |    61 |    86 |   119 |   131 |    97 |  4931 ||  5425
       Reflection        |       |       |       |       |       |    27 |    28 |    32 |   304 ||   391
       Rpst.: Long sword |       |       |       |       |    22 |    22 |    22 |    17 |   757 ||   840
